 Dungeon Crawl Stone Soup version 0.31-a0-1144-g99969ba1bc (webtiles) character file.

Game seed: 4558279380367561828

16236901 Tenar the Merry Ant (level 27, 230/230 (249) HPs)
             Began as a Formicid Hunter on Nov 30, 2023.
             Was an Initiate of Gozag.
             Escaped with the Orb
             ... and 15 runes on Dec 6, 2023!
             The game lasted 04:43:20 (96235 turns).

Tenar the Merry Ant (Formicid Hunter)              Turns: 96235, Time: 04:43:20

HP:   230/230 (249) AC: 61    Str: 26 (27) XL:     27
MP:   51/51         EV: 27    Int: 18      God:    Gozag
Gold: 3466          SH: 31    Dex: 33      Spells: 17/57 levels left

rFire   + . .        b - +9 longbow (heavy)
rCold   + + +        Y - +1 tower shield of Perfidy {rF+ rCorr Int+7}
rNeg    + + +        i - +16 crystal plate armour of Dishonour {MP+9}
rPois   ∞            (helmet unavailable)
rElec   +            T - +2 cloak {Will+}
rCorr   +            d - +2 pair of gloves {Dex+3}
SInv    +            u - +2 pair of boots {Fly}
Will    +++++        G - amulet of Vitality {RegenMP++ Regen++} Stlth
                     E - ring of the Madman {rElec Str+6}
HPRegen 2.98/turn    Q - ring "Ijyifyem" {rC++ Will+ Str+3 Dex+3}
MPRegen 1.12/turn

%: no passive effects
@: death-form, flying, studying 2 skills, drained
A: vile attack, torment immunity, no potions, permanent stasis, dig shafts and
tunnels, antennae 3, four strong arms, talons 1, iridescent scales 1, poison
resistance, regeneration 1, wild magic 1
0: Orb of Zot
}: 15/15 runes: barnacled, slimy, silver, golden, iron, obsidian, icy, bone,
abyssal, demonic, glowing, magical, fiery, dark, gossamer
a: Dig, Shaft Self, Siphon Essence, Begin Untransformation, Renounce Religion,
Potion Petition, Call Merchant, Bribe Branch


You escaped.
You worshipped Gozag.
Gozag was most pleased with you.
You were an undying horror.
You visited 18 branches of the dungeon, and saw 88 of its levels.
You visited Pandemonium 1 time, and saw 18 of its levels.
You visited the Abyss 5 times.
You visited 1 ziggurat, and saw 6 of its levels.
You also visited: Sewer, Bailey, Gauntlet, Ice Cave and Wizlab.

You collected 56535 gold pieces.
You spent 7962 gold pieces at shops.
You paid 45107 gold pieces to Gozag.

Inventory:

Hand Weapons
 a - the +8 storm bow {elec, penet}
   (You found it on level 11 of the Dungeon)
 b - a +9 heavy longbow (weapon)
 m - the +13 sceptre of Asmodeus
   (You took it off Asmodeus on level 7 of Gehenna)

   Fire Summon: It may summon demons of flame and damnation when striking foes.
 V - the +7 hand cannon "Mule" {flame, backblast, rF+}
   (You acquired it on level 13 of the Dungeon)

   rF+:       It protects you from fire.
Missiles
 K - 5 throwing nets
Armour
 d - a +2 pair of gloves of dexterity (worn)
 i - the +16 crystal plate armour of Dishonour (worn) {MP+9}
   (You acquired it on level 3 of the Depths)

   MP+9:      It affects your magic capacity (+9).
 q - a +2 cloak of cold resistance
 u - a +2 pair of boots of flying (worn)
 I - the +2 pair of slick slippers {slick, slippery, EV+4}
   (You bought it in a shop on level 5 of the Realm of Zot)

   Slick:     Its wearer cannot be constricted, engulfed, netted or webbed.
   Slippery:  Its wearer slips away from damaging melee attacks, pulling the
   attacker onward.
   EV+4:      It affects your evasion (+4).
 J - the +7 ring mail "Byla" {rElec Regen+}
   (You found it on level 1 of the Crypt)

   rElec:     It insulates you from electricity.
   Regen+:    It increases your rate of health regeneration.
 T - a +2 cloak of willpower (worn)
 Y - the +1 tower shield of Perfidy (worn) {rF+ rCorr Int+7}
   (You took it off Louise on level 15 of the Dungeon)

   Int+7:     It affects your intelligence (+7).
   rF+:       It protects you from fire.
   rCorr:     It protects you from acid and corrosion.
Jewellery
 c - the ring "Noisoph" {rElec rF+ rN+ Slay+5 Stlth-}
   (You found it on level 3 of the Tomb of the Ancients)

   [ring of protection from fire]

   Slay+5:    It affects your accuracy & damage with ranged weapons and melee
   (+5).
   rF+:       It protects you from fire.
   rElec:     It insulates you from electricity.
   rN+:       It protects you from negative energy.
   Stlth-:    It makes you less stealthy.
 l - the ring of the Tortoise {AC+8}
   (You bought it in a shop on level 4 of the Shoals)

   [ring of protection]

   AC+8:      It affects your AC (+8).
 z - the amulet "Ikho Zabb" {Reflect rC+ SH+5}
   (You found it on level 5 of the Pits of Slime)

   [amulet of reflection]

   Reflect:   It reflects blocked missile attacks.
   rC+:       It protects you from cold.
   SH+5:      It affects your SH (+5).
 E - the ring of the Madman (left hand) {rElec Str+6}
   (You bought it in a shop on level 4 of the Shoals)

   [ring of strength]

   Str+6:     It affects your strength (+6).
   rElec:     It insulates you from electricity.
 G - the amulet of Vitality (around neck) {RegenMP++ Regen++}
   (You bought it in a shop on level 4 of the Shoals)

   [amulet of magic regeneration]

   RegenMP:   It increases your rate of magic regeneration.
   Regen++:   It increases your rate of health regeneration.
 L - the amulet of the Fiend {Regen+ Int+3 Dex+4}
   (You found it on level 3 of the Elven Halls)

   [amulet of regeneration]

   Int+3:     It affects your intelligence (+3).
   Dex+4:     It affects your dexterity (+4).
   Regen+:    It increases your rate of health regeneration.
 Q - the ring "Ijyifyem" (right hand) {rC++ Will+ Str+3 Dex+3}
   (You found it on level 5 of the Pits of Slime)

   [ring of willpower]

   Str+3:     It affects your strength (+3).
   Dex+3:     It affects your dexterity (+3).
   rC++:      It greatly protects you from cold.
   Will+:     It increases your willpower.
 W - the amulet of Miracles {RegenMP rC+ Will+ Int+3}
   (You found it in Pandemonium)

   [amulet of magic regeneration]

   RegenMP:   It increases your rate of magic regeneration.
   Int+3:     It affects your intelligence (+3).
   rC+:       It protects you from cold.
   Will+:     It increases your willpower.
Talismans
 Z - a talisman of death (active)
Wands
 r - a wand of roots (63)
 F - a wand of charming (112)
 N - a wand of mindburst (42)
 R - a wand of quicksilver (45)
Scrolls
 f - 7 scrolls of fog
 g - a scroll of butterflies
 j - 7 scrolls of amnesia
 k - 17 scrolls of vulnerability
 n - 3 scrolls of silence
 w - 10 scrolls of enchant armour
 y - 5 scrolls of revelation
 B - 7 scrolls of fear
 C - a scroll of brand weapon
 O - 4 scrolls of immolation
 P - 12 scrolls of enchant weapon
Potions
 e - a potion of resistance
 h - 9 potions of mutation
 o - 8 potions of invisibility
 s - 13 potions of brilliance
 v - 16 potions of enlightenment
 x - 7 potions of cancellation
 A - 31 potions of curing
 D - 16 potions of ambrosia
 H - 5 potions of magic
 S - 5 potions of lignification
 X - 10 potions of heal wounds
Miscellaneous
 p - a tin of tremorstones (2/2)
 t - a phantom mirror (inert)
 M - a phial of floods
 U - a lightning rod (4/4)


   Skills:
 O Level 27 Fighting
 - Level 5.0 Long Blades
 - Level 7.5(9.3) Axes
 + Level 8.5(9.8) Maces & Flails
 O Level 27 Ranged Weapons
 O Level 27 Armour
 + Level 23.8 Dodging
 - Level 1.2 Stealth
 O Level 27 Shields
 + Level 15.5 Spellcasting
 - Level 19.0 Hexes
 + Level 15.5 Summonings
 - Level 13.0 Necromancy
 + Level 13.6 Translocations
 - Level 13.0 Earth Magic
 + Level 24.7 Evocations
 - Level 23.0 Shapeshifting


You had 17 spell levels left.
You knew the following spells:

 Your Spells              Type           Power      Damage    Failure   Level
a - Borgnjor's Vile Clut  Necr/Erth      34%        N/A       7%          5
b - Enfeeble              Hex            41%        N/A       16%         7
c - Summon Mana Viper     Hex/Summ       78%        N/A       1%          5
d - Dimensional Bullseye  Hex/Tloc       38%        N/A       1%          4
e - Animate Armour        Summ/Erth      100%       N/A       1%          4
f - Malign Gateway        Summ/Tloc      36%        N/A       61%         7
g - Yara's Violent Unrav  Hex/Tmut       29%        3d12      24%         5
h - Lesser Beckoning      Tloc           100%       N/A       1%          2
i - Apportation           Tloc           100%       N/A       1%          1

Your spell library contained the following spells:

 Spells                   Type           Power      Damage    Failure   Level
 Necrotise                Necr           100%       1d9       1%          1
 Sandblast                Erth           100%       2d20      1%          1
 Summon Small Mammal      Summ           100%       N/A       1%          1
 Call Imp                 Summ           100%       N/A       1%          2
 Ensorcelled Hibernation  Hex/Ice        100%       N/A       1%          2
 Jinxbite                 Hex            100%       N/A       1%          2
 Sublimation of Blood     Necr           68%        N/A       1%          2
 Call Canine Familiar     Summ           74%        N/A       1%          3
 Gell's Gravitas          Tloc           70%        N/A       1%          3
 Sigil of Binding         Hex            82%        N/A       1%          3
 Summon Guardian Golem    Hex/Summ       78%        N/A       1%          3
 Teleport Other           Tloc           70%        N/A       1%          3
 Tukima's Dance           Hex            82%        N/A       1%          3
 Anguish                  Hex/Necr       37%        N/A       1%          4
 Cause Fear               Hex            41%        N/A       1%          4
 Leda's Liquefaction      Hex/Erth       37%        N/A       1%          4
 Dispel Undead            Necr           68%        3d23      2%          4
 Manifold Assault         Tloc           70%        N/A       2%          4
 Passage of Golubria      Tloc           70%        N/A       2%          4
 Dazzling Flash           Conj/Hex       100%       N/A       3%          3
 Inner Flame              Hex/Fire       58%        N/A       3%          3
 Summon Forest            Summ/Tloc      36%        N/A       3%          5
 Passwall                 Tmut/Erth      40%        N/A       5%          2
 Lee's Rapid Deconstruct  Erth           34%        3d17*     7%          5
 Volatile Blastmotes      Fire/Tloc      100%       2d18      9%          3
 Stone Arrow              Conj/Erth      96%        3d13      10%         3
 Fulminant Prism          Conj/Hex       29%        3d14      10%         4
 Cigotuvi's Dreadful Rot  Necr/Pois/Air  76%        N/A       12%         2
 Summon Cactus Giant      Summ           37%        N/A       12%         6
 Summon Ice Beast         Ice/Summ       53%        N/A       17%         4
 Summon Lightning Spire   Summ/Air       53%        N/A       17%         4
 Metabolic Englaciation   Hex/Ice        29%        N/A       24%         5
 Silence                  Hex/Air        29%        N/A       24%         5
 Dispersal                Tloc           35%        N/A       24%         6
 Brom's Barrelling Bould  Conj/Erth      48%        2d7       28%         4
 Petrify                  Tmut/Erth      48%        N/A       28%         4
 Death Channel            Necr           34%        N/A       30%         6
 Foxfire                  Conj/Fire      72%        2x1d7     38%         1
 Magic Dart               Conj           72%        1d6       38%         1
 Sting                    Tmut/Pois      72%        1d6       38%         1
 Summon Hydra             Summ           37%        N/A       47%         7
 Poisonous Vapours        Pois/Air       36%        N/A       50%         2
 Scorch                   Fire           36%        2d6       50%         2
 Searing Ray              Conj           36%        2d5       50%         2
 Wereblood                Tmut           18%        N/A       50%         2
 Haunt                    Necr/Summ      35%        N/A       65%         7
 Frozen Ramparts          Ice            36%        1d6       73%         3
 Hailstorm                Conj/Ice       18%        3d7       73%         3
 Ignite Poison            Fire/Tmut/Pois 18%        N/A       73%         3
 Mephitic Cloud           Conj/Pois/Air  18%        N/A       73%         3
 Ozocubu's Armour         Ice            18%        N/A       73%         3
 Airstrike                Air            9%         2d(2-18)  98%         4
 Flame Wave               Conj/Fire      18%        2d7       98%         4
 Olgreb's Toxic Radiance  Pois           18%        N/A       98%         4
 Sticky Flame             Conj/Fire      18%        2d4       98%         4
 Summon Horrible Things   Summ           37%        N/A       98%         8
 Alistair's Intoxication  Tmut/Pois      12%        N/A       100%        5
 Arcjolt                  Conj/Air       9%         1d19      100%        5
 Fireball                 Conj/Fire      9%         3d6       100%        5
 Freezing Cloud           Conj/Ice/Air   9%         6-21      100%        5
 Irradiate                Conj/Tmut      9%         3d14      100%        5
 Iskenderun's Battlesphe  Conj           18%        2d7       100%        5
 Conjure Ball Lightning   Conj/Air       9%         3x3d6     100%        6
 Eringya's Noxious Bog    Tmut/Pois      9%         4d6       100%        6
 Plasma Beam              Fire/Air       9%         2x1d19    100%        6
 Starburst                Conj/Fire      9%         6d5       100%        6
 Orb of Destruction       Conj           9%         9d6       100%        7
 Ozocubu's Refrigeration  Ice            9%         4d9       100%        7
 Spellforged Servitor     Conj/Summ      26%        N/A       100%        7
 Borgnjor's Revivificati  Necr           34%        N/A       100%        8
 Disjunction              Tloc           35%        N/A       100%        8
 Ignition                 Fire           9%         3d5       100%        8
 Infestation              Necr           34%        N/A       100%        8
 Lehudib's Crystal Spear  Conj/Erth      24%        10d7      100%        8
 Maxwell's Capacitive Co  Air            9%         ∞         100%        8
 Death's Door             Necr           34%        N/A       100%        9
 Dragon's Call            Summ           37%        N/A       100%        9
 Animate Dead             Necr           Unusable   N/A       N/A         4
 Vhi's Electric Charge    Tloc/Air       Unusable   N/A       N/A         4
 Swiftness                Air            Unusable   N/A       N/A         3
 Simulacrum               Ice/Necr       Unusable   N/A       N/A         6

Dungeon Overview and Level Annotations

Branches:
Dungeon (15/15)            Temple (1/1) D:6            Lair (5/5) D:10
 Shoals (4/4) Lair:3       Spider (4/4) Lair:3        Slime (5/5) Lair:4
    Orc (2/2) D:10            Elf (3/3) Orc:2        Vaults (5/5) D:13
  Crypt (3/3) Vaults:2       Tomb (3/3) Crypt:3      Depths (4/4) D:15
   Hell (visited)             Dis (7/7) Hell            Geh (7/7) Hell
    Coc (7/7) Hell            Tar (7/7) Hell            Zot (5/5) Depths:4
  Sewer (visited)          Bailey (visited)           IceCv (visited)
 WizLab (visited)         Gauntlet (visited)

Altars:
Ashenzari
Cheibriados
Dithmenos
Elyvilon
Fedhas
Gozag
Hepliaklqana
Kikubaaqudgha
Makhleb
Nemelex Xobeh
Okawaru
Qazlal
Ru
Sif Muna
Trog
Uskayaw
Vehumet
Wu Jian
Xom
Yredelemnul
Zin
The Shining One
Jiyva
Lugonu

Shops:
Orc:2 [((*=*[   Elf:1 [   Elf:2 !   Lair:1 [*   Shoals:1 [   Shoals:4 =[==
Vaults:1 [(=((   Vaults:2 =   Zot:5 [[(*=[[   Depths:1 :!*   Depths:2 *
Depths:3 (*   Depths:4 [(*?(

Portals:
Hell: Depths:1 Depths:2 Depths:3 Depths:4
Abyss: Depths:3
Pandemonium: Orc:2 Depths:2
Ziggurat: Depths:2

Annotations:
Tar:5 9 runed doors
Zot:5 9 exclusions


Innate Abilities, Weirdness & Mutations

You are an undying horror.
Your melee and unarmed attacks drain, slow and weaken victims.
You are immune to unholy pain and torment.
You cannot drink.
You cannot be hasted, slowed, berserked, paralysed or teleported.
You can dig through walls and to a lower floor.
You have a pair of large antennae on your head. (SInv)
Your four strong arms can wield two-handed weapons with a shield.
You have sharp toenails.
You are partially covered in iridescent scales. (AC +2)
Your system is resistant to poisons. (rPois)
Your natural rate of healing is unusually fast.
Your spells are a little harder to cast, but a little more powerful.


Message History

Unknown command.
Unknown command.
A neqoxec comes into view.
The neqoxec shouts!
You shoot an arrow. The arrow hits the neqoxec!!!!
You kill the neqoxec!
No target in view!
No target in view!
What level of the Dungeon? (default 1, ? - help)
You sense a monster nearby.
Unknown command.
No target in view!
An Orb Guardian comes into view.
You shoot an arrow. The arrow hits the Orb Guardian!!!!
You kill the Orb Guardian!
No target in view!
No target in view!
Health restored: 230
There is a stone staircase leading up here.
Unknown command.
You fly upwards.
There is a stone staircase leading down here.
Unknown command.
What level of the Dungeon? (default 1, ? - help)
There is a stone staircase leading up here.
You fly upwards.
There is a stone staircase leading down here.
Key pressed, stopping travel.
Unknown command.
Unknown command.
Unknown command.
Unknown command.
Unknown command.
There is a stone staircase leading down here.
A neqoxec comes into view.
Unknown command.
Okay, then.
There is a staircase leading out of the dungeon here.
Unknown command.
You have escaped!

##....>....##.# #.#
#..####.....#.####.#
###.####..#..........#
#...###..#.#.........#
####.....3.#...#........#
#.....#####.....#####...#
#......#...........#....#
#....#..#.........#.....#
####....#..#....z....#.....#
#.........#...........#....#
..##...#.#####.....#####.#.#
.###...(......#...#....)...#
## #........#..#.#..########
#...####.....#..## #...#
###.....## ##### ##...##
#####


You could see a neqoxec.

Vanquished Creatures
  Cerebov (Pan)
  Antaeus (Coc:7)
  the Royal Jelly (Slime:5)
  Asmodeus (Geh:7)
  Gloorx Vloq (Pan)
  Ereshkigal (Tar:7)
  Lom Lobon (Pan)
  the Serpent of Hell (Geh:7)
  Dispater (Dis:7)
  Mnoleg (Pan)
  6 dread liches
  9 orbs of fire
  7 ancient liches
  8 pandemonium lords (Pan)
  Mara (Vaults:3)
  Mennas (Pan)
  3 juggernauts
  21 royal mummies
  The ghost of Gith the Severer, a veteran MeFi of Okawaru (Crypt:1)
  Vv (Crypt:3)
  6 shard shrikes
  8 Killer Klowns
  Bai Suzhen (Spider:3)
  17 caustic shrikes
  Saint Roka (Crypt:2)
  The ghost of Yzeiphu the Earth Mage, an adept OpEE of Vehumet (Crypt:1)
  Geryon (Hell)
  9 profane servitors
  Nikola (Shoals:4)
  12 golden dragons
  A Hellbinder (WizLab)
  12 Tzitzimimeh
  Arachne (Spider:4)
  8 Brimstone Fiends
  3 electric golems
  20 bone dragons
  5 iron giants (Dis:7)
  4 doom hounds
  17 Ice Fiends
  10 hellephants
  A shard shrike zombie (Crypt:3)
  Zenata (Elf:1)
  Jorgrun (D:15)
  8 liches
  A walking earthen tome (Abyss:4)
  A shard shrike skeleton (Crypt:3)
  14 Hell Sentinels
  13 tainted leviathans
  21 tentacled monstrosities
  28 Orb Guardians
  The ghost of Datograv the Stickfighter, an adept NaAE of Ru (Crypt:1)
  10 quicksilver dragons
  Mlioglotl (Shoals:4)
  Grunn (Zot:1)
  A deep elf master archer (Elf:3)
  19 searing wretches
  17 tentacled starspawn
  13 titans
  27 ancient champions
  17 sphinxes
  28 Executioners
  26 acid blobs
  4 deep elf blademasters
  9 death cobs
  7 tengu reavers
  11 shadow dragons
  Aizul (Elf:1)
  16 storm dragons
  Roxanne (D:15)
  Donald (Spider:1)
  25 azure jellies
  25 fire giants
  7 revenants
  11 draconian knights
  9 draconian monks
  8 demonspawn warmongers (Pan)
  11 rockslimes
  9 ghost moths
  2 iron dragons
  2 daevas
  8 emperor scorpions
  9 deep elf sorcerers
  65 balrugs
  Louise (D:15)
  9 deep elf elementalists
  21 narguns
  5 quicksilver elementals
  2 spectral juggernauts
  21 frost giants
  18 vault wardens
  5 ghouls
  9 draconian scorchers
  8 shard shrike simulacra
  6 draconian shifters
  2 caustic shrike zombies
  3 curse skulls
  An angel (Abyss:4)
  2 draconian stormcallers
  10 demonspawn corrupters
  31 ironbound preservers
  4 orc warlords
  34 very ugly things
  12 cacodemons
  22 stone giants
  8 demonspawn blood saints
  13 war gargoyles
  A juggernaut skeleton (Crypt:3)
  3 broodmothers
  12 quicksilver oozes
  13 draconian annihilators
  A caustic shrike skeleton (Crypt:2)
  A spriggan defender (Depths:3)
  2 ophanim (Abyss:4)
  26 reapers
  A vampire knight (Crypt:1)
  9 formless jellyfish
  19 black draconians
  18 wendigos
  36 elemental wellsprings
  Nessos (D:12)
  10 green draconians
  8 demonspawn black suns (Pan)
  8 bennus
  5 ironbound thunderhulks
  A starflower (Abyss:4)
  12 yellow draconians
  3 deep elf demonologists (Elf:3)
  10 putrid mouths
  The ghost of Viggi the Marksant, a journeyman FoHu of Cheibriados (D:11)
  4 dire elephants (Vaults:2)
  102 starcursed masses
  16 red draconians
  14 white draconians
  14 deep elf annihilators
  2 spark wasps (Depths:3)
  12 lorocyprocas
  13 purple draconians
  24 blizzard demons
  10 deep elf death magi
  25 green deaths
  17 eidola
  A spectral quicksilver dragon (Tar:3)
  A crystal guardian (Vaults:3)
  A quicksilver dragon zombie (Tomb:1)
  23 ettins
  14 mummy priests
  11 iron golems
  3 spectral spriggans
  8 entropy weavers
  11 yaktaur captains
  3 jiangshi (Crypt:2)
  8 fire dragons
  5 merfolk javelineers
  9 ice dragons
  9 merfolk impalers
  9 deep elf high priests
  15 great orbs of eyes
  6 hydras
  13 rakshasas
  11 caustic shrike simulacra
  8 spriggan air magi
  8 hell beasts
  7 ironbound frosthearts
  16 salamander tyrants
  2 demonspawn (Orc:2)
  2 peacekeepers
  11 juggernaut simulacra
  44 vault guards
  An alligator (shapeshifter) (Zot:3)
  A ghost crab (Zig:3)
  A sphinx zombie (Depths:2)
  4 catoblepae
  4 radroaches
  4 merfolk aquamancers
  2 death knights
  3 ogre magi
  7 centaur warriors
  15 two-headed ogres
  3 jorogumos
  39 dancing weapons
  An alligator snapping turtle (Shoals:4)
  7 death yaks
  32 death scarabs
  A spectral stone giant (Tar:2)
  An Orb Guardian skeleton (Crypt:2)
  11 boulder beetles
  2 merfolk avatars
  A satyr (Shoals:3)
  12 stokers
  43 demonic crawlers
  8 spriggan berserkers
  9 deep troll earth magi
  6 deep troll shamans
  3 tengu warriors
  10 vampire magi
  45 hell hogs
  21 thrashing horrors
  4 occultists
  7 orc high priests (Orc:2)
  Sonja (Lair:5)
  13 hell knights
  A titan zombie (Depths:2)
  13 crystal echidnas
  52 soul eaters
  102 sun demons
  26 wretched stars
  23 deep elf knights
  32 skeletal warriors
  A titan skeleton (Abyss:4)
  9 pharaoh ants
  27 sixfirhies
  A storm dragon zombie (Depths:2)
  A sun moth (Lair:3)
  19 shadow wraiths
  5 skysharks
  5 spatial maelstroms (Abyss:4)
  16 sea snakes
  An anaconda zombie (Crypt:3)
  7 iron trolls
  2 storm dragon skeletons
  8 quicksilver dragon simulacra
  15 deep elf archers
  80 deep trolls
  The ghost of asdu the Fighter, a novice DgRe (D:9)
  14 shadow demons (Pan)
  3 flayed ghosts
  2 iron giant skeletons
  A shadow dragon zombie (Crypt:3)
  2 orange crystal statues
  13 phantasmal warriors
  A swamp dragon (shapeshifter) (Zot:3)
  36 harpies
  6 steelbarb worms
  A spectral iron dragon (Tar:1)
  11 orb spiders
  3 spriggan simulacra
  20 lindwurms
  An anaconda skeleton (Abyss:4)
  5 glowing orange brains
  9 bog bodies
  13 arcanists
  32 deep elf pyromancers
  27 necromancers
  26 ironbound convokers
  2 golden dragon skeletons (Depths:2)
  2 obsidian statues
  2 bunyip skeletons
  4 alligator zombies
  5 orc sorcerers
  A shadow dragon skeleton (Depths:2)
  7 orc knights
  21 deep elf zephyrmancers
  8 cyclopes
  2 stone giant zombies
  A tengu skeleton (Depths:2)
  52 ugly things
  A spectral ettin (Tar:6)
  35 moths of wrath
  6 shining eyes
  18 manticores
  11 fauns
  23 wolf spiders
  6 worldbinders (Abyss:4)
  2 will-o-the-wisps (Abyss:4)
  A fire giant skeleton (Depths:2)
  2 guardian serpents (Abyss:4)
  12 elephants (Lair:5)
  A dire elephant zombie (Crypt:3)
  Joseph (D:9)
  3 kobold blastminers
  A naga mage (Zig:6)
  3 apocalypse crabs (Abyss:4)
  10 water nymphs
  62 smoke demons
  5 torpor snails
  10 molten gargoyles
  3 black mambas
  An alligator snapping turtle zombie (Crypt:3)
  97 large abominations
  5 titan simulacra
  A torpor snail (shapeshifter) (Vaults:5)
  2 guardian serpents (shapeshifter) (Zot:3)
  7 merfolk sirens
  19 vault sentinels
  3 centaur zombies
  3 stone giant skeletons
  2 naga zombies
  4 centaur skeletons
  11 rust devils
  4 eyes of devastation
  14 cane toads
  3 ice statues (Coc:7)
  3 gargoyles
  36 orange demons
  Jeremiah (D:7)
  6 unseen horrors
  A minotaur zombie (Gauntlet)
  2 rime drakes
  11 komodo dragons
  A komodo dragon (shapeshifter) (Abyss:4)
  2 dire elephant skeletons
  2 sea snake zombies (Hell)
  6 spriggan zombies
  35 freezing wraiths
  13 efreet
  An unseen horror zombie (Crypt:2)
  7 kobold demonologists
  9 tengu conjurers
  An orc skeleton (Crypt:3)
  11 ice devils
  60 hellions
  2 alligator snapping turtle skeletons
  12 anaconda simulacra
  15 yaktaurs
  14 red devils
  A red draconian skeleton (Crypt:1)
  4 harpy zombies
  23 tormentors
  20 ancient zymes
  A silent spectre (Tar:3)
  A spectral harpy (Tar:1)
  A catoblepas skeleton (Crypt:2)
  19 merfolk
  9 trolls
  4 spriggan skeletons
  A great orb of eyes zombie (Crypt:1)
  25 guardian mummies
  5 golden dragon simulacra
  13 meliai
  A wolf spider simulacrum (D:15)
  A hydra zombie (Hell)
  2 queen bees
  22 wind drakes
  45 hellwings
  7 polar bears
  2 meliai (shapeshifter)
  22 tarantellas
  2 alligator simulacra
  4 iron dragon simulacra
  12 hornets
  3 hydra skeletons
  4 harpy skeletons
  A dream sheep (shapeshifter) (Zot:3)
  11 snapping turtles
  Grinder (D:4)
  A radroach zombie (Crypt:1)
  33 blink frogs
  5 glass eyes
  14 dream sheep
  A snapping turtle (shapeshifter) (Zot:3)
  62 raiju
  4 centaur simulacra
  2 ettin zombies
  A stone giant simulacrum (Coc:2)
  15 jumping spiders
  23 culicivoras
  34 flying skulls
  92 slime creatures
  9 air elementals
  24 shadows
  A merfolk skeleton (Pan)
  3 spriggans (Depths:3)
  31 water elementals
  6 wyverns
  A fire dragon skeleton (Pan)
  Sigmund (D:4)
  10 dire elephant simulacra
  48 ynoxinuls
  2 ettin skeletons (Crypt:3)
  6 naga simulacra
  6 steam dragons
  A black mamba skeleton (Crypt:3)
  3 ushabtiu
  4 vampires
  19 wraiths
  Eustachio (D:4)
  7 basilisks
  10 fire bats
  18 golden eyes
  39 yaks
  2 alligator snapping turtle simulacra (Coc:1)
  A steam dragon (shapeshifter) (Elf:1)
  34 neqoxecs
  3 fire elementals
  A golden eye (shapeshifter) (Abyss:4)
  3 spatial vortices (Abyss:4)
  A sea snake simulacrum (Hell)
  53 redbacks
  A wind drake skeleton (Crypt:2)
  A minotaur simulacrum (IceCv)
  9 vampire mosquitoes
  41 chaos spawn
  27 harpy simulacra
  37 small abominations
  A water moccasin (shapeshifter) (Zot:3)
  2 demonspawn skeletons (Pan)
  5 hell hounds (Abyss:4)
  16 water moccasins
  2 naga skeletons (Pan)
  A meliai simulacrum (Gauntlet)
  7 hydra simulacra
  40 orc warriors
  3 sky beasts
  A swamp drake (shapeshifter) (Abyss:4)
  2 two-headed ogre skeletons (Hell)
  A sky beast (shapeshifter) (Vaults:5)
  A snapping turtle zombie (Crypt:1)
  3 black bears
  4 ice beasts (D:7)
  8 ogres
  A swamp dragon skeleton (Pan)
  10 ettin simulacra
  A tengu (shapeshifter) (Elf:2)
  37 wolves
  A boggart (Elf:1)
  A phantom (D:5)
  9 centaurs
  A rime drake zombie (Crypt:2)
  An elf zombie (Crypt:2)
  A salamander zombie (Crypt:1)
  2 kobold brigands
  An earth elemental (Elf:1)
  4 gnoll sergeants
  10 bullfrogs
  3 deep troll simulacra (IceCv)
  A scorpion (shapeshifter) (Depths:2)
  5 scorpions
  A glowing shapeshifter simulacrum (Depths:2)
  2 necrophages (Crypt:2)
  8 wyvern skeletons (Crypt:3)
  5 wights
  A lindwurm simulacrum (IceCv)
  26 killer bees
  A yak skeleton (Crypt:1)
  An electric eel (D:10)
  2 howler monkeys
  4 crimson imps
  4 quasits (Abyss:4)
  8 hounds
  4 jellies
  31 orc priests
  3 gnoll boudas
  8 iron imps (Abyss:4)
  A sleepcap (D:7)
  Crazy Yiuf (D:2)
  A boggart zombie (Crypt:1)
  4 iguanas
  18 orc wizards
  A human skeleton (Crypt:2)
  4 hell rats
  A sky beast zombie (Crypt:1)
  A boggart simulacrum (D:15)
  21 mummies
  Robin (D:4)
  32 gnolls
  4 adders
  3 river rats (D:6)
  A shadow imp (D:7)
  2 white imps
  16 ufetubi
  2 worms
  67 orcs
  An orc (shapeshifter) (Vaults:5)
  10 bats
  5 endoplasms
  4 giant cockroaches
  17 goblins
  13 hobgoblins
  9 jackals
  A quokka (D:3)
  6 ball pythons
  A frilled lizard (D:1)
  A kobold (shapeshifter) (Abyss:4)
  30 kobolds
  6 rats
  3 ball lightnings (Pan)
  12 creeping infernos
  30 fire vortices
  7 lurking horrors
  A spectral weapon (Zot:5)
  17 starspawn tentacles (Abyss:4)
5070 creatures vanquished.

Vanquished Creatures (collateral kills)
  Khufu (Tomb:3)
  10 royal mummies
  2 caustic shrikes
  A Brimstone Fiend (Pan)
  A Hell Sentinel (Dis:7)
  4 ancient champions
  An Executioner (Pan)
  A nargun (Coc:7)
  A frost giant (Coc:7)
  A cacodemon (Pan)
  4 bennus
  A minotaur (Gauntlet)
  3 mummy priests
  A caustic shrike simulacrum (Coc:3)
  A dancing weapon (Dis:7)
  4 death scarabs
  A soul eater (Pan)
  2 skeletal warriors
  A hellion (Geh:7)
  3 guardian mummies (Tomb:3)
  A freezing wraith (Coc:7)
  A golden eye (Pan)
  A neqoxec (Pan)
  A harpy simulacrum (Coc:3)
  7 mummies
  2 fire vortices (Pan)
57 creatures vanquished.

Vanquished Creatures (others)
  3 ancient liches (Dis:3)
  4 royal mummies
  A shard shrike (Coc:6)
  2 caustic shrikes (Dis:5)
  2 Hell Sentinels (Dis:7)
  A tentacled starspawn (Abyss:4)
  A lich (Tomb:1)
  A titan (Shoals:4)
  A pandemonium lord (Pan)
  An eldritch tentacle (Pan)
  6 ancient champions
  A draconian knight (Zot:2)
  A shard shrike simulacrum (Coc:7)
  A demonspawn blood saint (Pan)
  4 war gargoyles
  A black draconian (Zot:2)
  A deep elf annihilator (Pan)
  3 bennus
  7 mummy priests
  A merfolk impaler (Shoals:4)
  2 caustic shrike simulacra
  A juggernaut simulacrum (Coc:5)
  2 death scarabs (Tomb:3)
  2 stokers
  2 dancing weapons (Dis:7)
  A deep elf knight (Elf:3)
  3 crystal echidnas (Dis:7)
  2 goliath frogs (Zig:3)
  2 skeletal warriors (Tomb:3)
  A deep elf zephyrmancer (Elf:2)
  A storm dragon simulacrum (Coc:1)
  A hellion (Dis:6)
  A tormentor (Dis:6)
  A bunyip simulacrum (Coc:1)
  15 guardian mummies
  2 iron giant simulacra
  A merfolk (Shoals:4)
  3 wind drakes
  An ettin zombie (Tomb:3)
  2 ynoxinuls
  7 flying skulls
  A spriggan (Zig:3)
  A dire elephant simulacrum (Coc:3)
  13 ushabtiu
  2 golden eyes
  A chaos spawn (Abyss:4)
  3 harpy simulacra
  An orc warrior (Crypt:2)
  3 small abominations (Abyss:4)
  A naga simulacrum (Coc:1)
  3 starcursed masses (Abyss:4)
  9 mummies
  A gnoll (D:10)
  A howler monkey simulacrum (D:11)
  An ufetubus (Abyss:4)
  12 ball lightnings (Pan)
  A creeping inferno (Geh:3)
  3 foxfires (Abyss:4)
  2 lurking horrors (Abyss:4)
  57 starspawn tentacles
212 creatures vanquished.

Grand Total: 5339 creatures vanquished

Notes
Turn   | Place    | Note
-------+----------+-------------------------------------------
     0 | D:1      | Tenar the Formicid Hunter began the quest for the Orb.
     0 | D:1      | Reached XP level 1. HP: 16/16 MP: 1/1
   154 | D:1      | Reached XP level 2. HP: 23/23 MP: 2/2
   423 | D:1      | Reached XP level 3. HP: 28/28 MP: 3/3
   427 | D:1      | Reached skill level 1 in Armour
   721 | D:2      | Learned a level 1 spell: Apportation
   768 | D:2      | Found a runed translucent door.
   769 | D:2      | Noticed Crazy Yiuf
   907 | D:2      | Found a shadowy altar of Dithmenos.
   914 | D:2      | Identified the +9 dagger of the Cursing Messenger {protect,
                  | rPois rF+ MP+9}
  1178 | D:2      | Killed Crazy Yiuf
  1179 | D:2      | Reached XP level 4. HP: 18/34 MP: 4/4
  1294 | D:3      | Reached XP level 5. HP: 24/41 MP: 4/5
  2038 | D:4      | Noticed Sigmund
  2051 | D:4      | Killed Sigmund
  2052 | D:4      | Reached skill level 5 in Ranged Weapons
  2052 | D:4      | Reached XP level 6. HP: 47/47 MP: 6/6
  2191 | D:4      | Noticed Grinder
  2200 | D:4      | Killed Grinder
  2201 | D:4      | Reached XP level 7. HP: 54/54 MP: 7/7
  2234 | D:4      | Found an iron altar of Okawaru.
  2471 | D:4      | Noticed Eustachio
  2506 | D:4      | Killed Eustachio
  2739 | D:4      | Noticed Robin
  2748 | D:4      | Killed Robin
  2749 | D:4      | Reached XP level 8. HP: 60/61 MP: 8/8
  3296 | D:5      | Entered Level 5 of the Dungeon
  3553 | D:5      | Found a basalt altar of Yredelemnul.
  3579 | D:5      | Found a bloodstained altar of Trog.
  3842 | D:5      | Reached skill level 5 in Fighting
  4277 | D:6      | Found a staircase to the Ecumenical Temple.
  4303 | Temple   | Entered the Ecumenical Temple
  4308 | Temple   | Became a worshipper of Gozag Ym Sagoz the Greedy
  4360 | D:6      | Reached XP level 9. HP: 34/68 MP: 9/9
  4496 | D:6      | Found a glowing drain.
  4669 | Sewer    | Entered a sewer
  4706 | Sewer    | Reached skill level 5 in Armour
  5436 | D:7      | Noticed Jeremiah
  5451 | D:7      | Reached skill level 5 in Dodging
  5620 | D:7      | Killed Jeremiah
  5713 | D:7      | Found a hide-covered altar of Uskayaw.
  5736 | D:7      | Reached skill level 1 in Shields
  6244 | D:7      | Reached XP level 10. HP: 30/77 MP: 9/10
  6723 | D:7      | Reached skill level 10 in Ranged Weapons
  7230 | D:8      | Reached skill level 5 in Shields
  7810 | D:8      | Reached XP level 11. HP: 16/86 MP: 11/11
  8703 | D:9      | Found a runed translucent gate.
  8703 | D:9      | Found a runed translucent gate.
  8703 | D:9      | Found a runed translucent gate.
  8709 | D:9      | Noticed asdu's ghost (novice DgRe)
  8789 | D:9      | Noticed Joseph
  8806 | D:9      | Killed Joseph
  9220 | D:9      | Noticed a two-headed ogre
  9225 | D:9      | Killed a two-headed ogre
  9438 | D:10     | Entered Level 10 of the Dungeon
  9483 | D:10     | Noticed a two-headed ogre
  9499 | D:10     | Killed a two-headed ogre
  9791 | D:10     | Found a flagged portal.
  9804 | Bailey   | Entered a bailey
  9809 | Bailey   | Noticed an orc warlord
 10008 | Bailey   | Found a runed translucent gate.
 10008 | Bailey   | Found a runed translucent gate.
 10008 | Bailey   | Found a runed translucent gate.
 10258 | Bailey   | Killed an orc warlord
 10306 | D:10     | Acquired a manual of Shields
 11071 | D:10     | Found a staircase to the Lair.
 11385 | D:10     | Found a staircase to the Orcish Mines.
 11584 | Lair:1   | Entered Level 1 of the Lair of Beasts
 11595 | Lair:1   | Reached XP level 12. HP: 95/95 MP: 12/12
 11629 | Lair:1   | Learned a level 4 spell: Dimensional Bullseye
 11707 | Lair:1   | Noticed a boulder beetle
 11729 | Lair:1   | Killed a boulder beetle
 12740 | Lair:1   | Reached skill level 10 in Shields
 13155 | Lair:1   | Gained mutation: You have hidden genetic defects. [potion
                  | of mutation]
 13155 | Lair:1   | Gained mutation: Your magical capacity is low. (-10% MP)
                  | [potion of mutation]
 13155 | Lair:1   | Gained mutation: You have sharp fingernails. [potion of
                  | mutation]
 13155 | Lair:1   | Gained mutation: You passively dampen the noise of your
                  | surroundings. [potion of mutation]
 13156 | Lair:1   | Lost mutation: You passively dampen the noise of your
                  | surroundings. [potion of mutation]
 13156 | Lair:1   | Lost mutation: You have sharp fingernails. [potion of
                  | mutation]
 13156 | Lair:1   | Gained mutation: You are frail. (-10% HP) [potion of
                  | mutation]
 13156 | Lair:1   | Gained mutation: You are weak. (Str -2) [potion of
                  | mutation]
 13157 | Lair:1   | Lost mutation: You have hidden genetic defects. [potion of
                  | mutation]
 13157 | Lair:1   | Lost mutation: You are frail. (-10% HP) [potion of
                  | mutation]
 13157 | Lair:1   | Lost mutation: You are weak. (Str -2) [potion of mutation]
 13157 | Lair:1   | Gained mutation: Your magical capacity is very low. (-20%
                  | MP) [potion of mutation]
 13157 | Lair:1   | Gained mutation: You are dopey. (Int -2) [potion of
                  | mutation]
 13157 | Lair:1   | Gained mutation: You have sharp fingernails. [potion of
                  | mutation]
 13158 | Lair:1   | Lost mutation: You are dopey. (Int -2) [potion of mutation]
 13158 | Lair:1   | Lost mutation: You have sharp fingernails. [potion of
                  | mutation]
 13158 | Lair:1   | Lost mutation: Your magical capacity is very low. (-20% MP)
                  | [potion of mutation]
 13158 | Lair:1   | Gained mutation: Your spells are a little harder to cast,
                  | but a little more powerful. [potion of mutation]
 13158 | Lair:1   | Gained mutation: You have sharp toenails. [potion of
                  | mutation]
 13158 | Lair:1   | Gained mutation: Your system is resistant to poisons.
                  | (rPois) [potion of mutation]
 13367 | Lair:2   | Reached skill level 10 in Fighting
 13438 | Lair:2   | Noticed a boulder beetle
 13452 | Lair:2   | Killed a boulder beetle
 13891 | Lair:2   | Noticed a death yak
 13900 | Lair:2   | Killed a death yak
 13902 | Lair:2   | Noticed a five-headed hydra
 14188 | Lair:1   | Bought a pair of embroidered gloves for 285 gold pieces
 14199 | Lair:1   | Bought a +0 kite shield of protection for 172 gold pieces
 14212 | Lair:1   | Bought a +1 pair of boots of flying for 247 gold pieces
 14225 | Lair:1   | Upgraded the game from 0.31-a0-1098-g6898e6545c to
                  | 0.31-a0-1104-g3bd3108e02
 14379 | Lair:2   | Reached skill level 10 in Armour
 14470 | Lair:2   | Noticed a death yak
 14483 | Lair:2   | Killed a death yak
 14484 | Lair:2   | Reached XP level 13. HP: 74/104 MP: 11/11
 14728 | Lair:2   | Killed a five-headed hydra
 15523 | Lair:3   | Found a hole to the Spider Nest.
 15979 | Lair:3   | Noticed a catoblepas
 15986 | Lair:3   | Killed a catoblepas
 16015 | Lair:3   | Found a staircase to the Shoals.
 16580 | Lair:4   | Found a gate leading to a gauntlet.
 16584 | Lair:4   | Noticed a five-headed hydra
 16588 | Lair:4   | Reached skill level 15 in Ranged Weapons
 16592 | Lair:4   | Reached XP level 14. HP: 104/113 MP: 12/12
 16603 | Gauntlet | Entered a Gauntlet
 16603 | Gauntlet | Found a transporter.
 16603 | Gauntlet | Found a transporter.
 16615 | Gauntlet | Found a transporter.
 16615 | Gauntlet | Found a transporter.
 16618 | Gauntlet | Found a transporter.
 16632 | Gauntlet | Found a transporter.
 16638 | Gauntlet | Found a transporter.
 16659 | Gauntlet | Found a transporter.
 16659 | Gauntlet | Found a transporter.
 16718 | Gauntlet | Found a transporter.
 16728 | Gauntlet | Found a transporter.
 16753 | Gauntlet | Found a transporter.
 16862 | Gauntlet | Identified the -1 pair of gloves of Alacekur {rC+ Will+}
 16903 | Gauntlet | Identified the +1 pair of boots of the Everdark {Slay+3}
 16928 | Gauntlet | Noticed a minotaur
 16940 | Gauntlet | Killed a minotaur
 17447 | Lair:4   | Reached skill level 15 in Shields
 17508 | Lair:4   | Found a staircase to the Slime Pits.
 17908 | Lair:5   | Entered Level 5 of the Lair of Beasts
 17916 | Lair:5   | Reached skill level 1 in Evocations
 18366 | Lair:5   | Reached XP level 15. HP: 124/124 MP: 13/13
 18595 | Lair:5   | Noticed Sonja
 18601 | Lair:5   | Killed Sonja
 18655 | Lair:5   | Found the +10 tower shield of Ignorance {rN+ Int-4}
 19453 | D:11     | Found the +8 storm bow {elec, penet}
 19470 | D:11     | Identified the +1 robe of Enoiguhu {rPois Int+3}
 19995 | D:11     | Noticed Viggi's ghost (journeyman FoHu)
 19997 | D:11     | Found a transporter.
 20013 | D:11     | Identified the +11 giant club of Woekeh {flame, +Blink
                  | rElec Str+2}
 20112 | D:11     | Found a transporter.
 20217 | D:12     | Found a transporter.
 20276 | D:12     | Reached skill level 5 in Evocations
 20495 | D:12     | Noticed Nessos
 20501 | D:12     | Killed Nessos
 20682 | D:12     | Found a transporter.
 21078 | D:13     | Reached XP level 16. HP: 134/134 MP: 14/14
 21245 | D:13     | Found a gate to the Vaults.
 21271 | D:13     | Reached skill level 15 in Fighting
 21667 | D:13     | Acquired the +7 hand cannon "Mule" {flame, backblast, rF+}
 21667 | D:13     | Found the +7 hand cannon "Mule" {flame, backblast, rF+}
 22436 | D:15     | Entered Level 15 of the Dungeon
 22722 | D:15     | Identified the +1 tower shield of Perfidy {rF+ rCorr Int+7}
 22722 | D:15     | Noticed Louise
 22733 | D:15     | Killed Louise
 22761 | D:15     | Noticed Jorgrun
 22768 | D:15     | Killed Jorgrun
 22820 | D:15     | Noticed Roxanne
 22894 | D:15     | Killed Roxanne
 23169 | D:15     | Reached skill level 1 in Shapeshifting
 23212 | D:15     | Found a staircase to the Depths.
 23451 | D:15     | Found a sacrificial altar of Ru.
 23657 | D:9      | Killed asdu's ghost
 23774 | D:11     | Killed Viggi's ghost
 23779 | D:11     | Identified the +9 shortbow of Kapaxink {antimagic, Drain
                  | Str+5}
 24044 | Orc:1    | Entered Level 1 of the Orcish Mines
 24417 | Orc:2    | Entered Level 2 of the Orcish Mines
 24511 | Orc:2    | Found a staircase to the Elven Halls.
 24662 | Orc:2    | Reached XP level 17. HP: 144/144 MP: 15/15
 24777 | Orc:2    | Found Itihiguw's General Store.
 25068 | Orc:2    | Found Gudghatt's General Store.
 25140 | Orc:2    | Bought a potion of heal wounds for 80 gold pieces
 25140 | Orc:2    | Bought a potion of ambrosia for 128 gold pieces
 25269 | Orc:2    | Found Atolor's Antique Armour Boutique.
 25269 | Orc:2    | Found Dihujis's Jewellery Shop.
 25270 | Orc:2    | Found a one-way gate leading to the halls of Pandemonium.
 25632 | Spider:1 | Entered Level 1 of the Spider Nest
 26110 | Spider:1 | Identified the +7 quarterstaff "Kegotul" {heavy, rElec
                  | Will+++ MP+9 Int-3}
 26319 | Spider:1 | Noticed Donald
 26325 | Spider:1 | Killed Donald
 26923 | Spider:2 | Reached XP level 18. HP: 141/153 MP: 16/16
 27820 | Spider:3 | Reached skill level 10 in Evocations
 27967 | Spider:3 | Noticed Bai Suzhen
 27979 | Spider:3 | Killed Bai Suzhen
 27980 | Spider:3 | Reached skill level 5 in Shapeshifting
 28578 | Spider:4 | Entered Level 4 of the Spider Nest
 28595 | Spider:4 | Noticed Arachne
 28610 | Spider:4 | Killed Arachne
 28970 | Spider:4 | Reached XP level 19. HP: 160/161 MP: 17/17
 29018 | Spider:4 | Reached skill level 10 in Dodging
 29602 | Spider:4 | Got a gossamer rune of Zot
 29810 | Shoals:1 | Entered Level 1 of the Shoals
 30309 | Shoals:1 | Found Otwat's Armour Shop.
 30524 | Shoals:2 | Found a frozen archway.
 30552 | Shoals:2 | Reached skill level 15 in Armour
 30574 | IceCv    | Entered an ice cave
 30842 | IceCv    | Noticed a lich
 30844 | IceCv    | Killed a lich
 30877 | IceCv    | Identified the +3 ice dragon scales of Ikoihamy {+Inv rF-
                  | rC++ rN+ Str+4}
 30996 | IceCv    | Found an ancient bone altar of Kikubaaqudgha.
 31838 | Shoals:3 | Reached XP level 20. HP: 160/160 MP: 18/18
 32435 | Shoals:4 | Entered Level 4 of the Shoals
 32877 | Shoals:4 | Noticed Mlioglotl
 32882 | Shoals:4 | Noticed Nikola
 32895 | Shoals:4 | Killed Mlioglotl
 32913 | Shoals:4 | Killed Nikola
 33074 | Shoals:4 | Identified the +0 leather armour "Wodogib" {rC- rN+++
                  | Int+6}
 33298 | Shoals:4 | Got a barnacled rune of Zot
 33305 | Shoals:4 | Identified the +1 leather armour "Reah" {SInv}
 33545 | Shoals:4 | Bought the ring "Ysixeeh" {Fly Str+2} for 545 gold pieces
 33547 | Shoals:4 | Bought the ring of the Tortoise {AC+8} for 2432 gold pieces
 33547 | Shoals:4 | Found the ring of the Tortoise {AC+8}
 33558 | Shoals:4 | Bought the amulet of Vitality {RegenMP++ Regen++} for 1700
                  | gold pieces
 33558 | Shoals:4 | Bought the ring of the Madman {rElec Str+6} for 850 gold
                  | pieces
 33558 | Shoals:4 | Found the amulet of Vitality {RegenMP++ Regen++}
 33928 | Depths:1 | Entered Level 1 of the Depths
 34122 | Depths:1 | Found Qagacw's Book Emporium.
 34210 | Depths:1 | Found a gateway to Hell.
 34280 | Depths:1 | Found Houkegeapo's Distillery.
 34354 | Depths:1 | Found Getuumes's General Store.
 34362 | Depths:1 | Bought a wand of roots (6) for 273 gold pieces
 34362 | Depths:1 | Bought a wand of quicksilver (5) for 399 gold pieces
 34684 | Depths:1 | Reached XP level 21. HP: 91/180 MP: 18/18
 35635 | Depths:2 | Found a one-way gateway to a ziggurat.
 35680 | Depths:2 | Found a glowing golden altar of the Shining One.
 35682 | Depths:2 | Found Ekaomaw's Hallowed Reliquary.
 35935 | Depths:2 | Reached skill level 15 in Evocations
 36095 | Depths:2 | Noticed a juggernaut
 36110 | Depths:2 | Killed a juggernaut
 36142 | Depths:2 | Identified the +6 dagger "Igesiw" {freeze, rPois rF+ Int+3
                  | Dex+3}
 36145 | Depths:2 | Identified the +3 rapier "Gailaokk" {protect, Will+ Dex+3
                  | SInv Stlth+}
 36168 | Depths:2 | Got Piekk's Foundations of Incantation
 36386 | Depths:3 | Reached XP level 22. HP: 187/187 MP: 19/19
 36451 | Depths:3 | Found a corrupted altar of Lugonu.
 36482 | Depths:3 | Found a one-way gate to the infinite horrors of the Abyss.
 36498 | Depths:3 | Found the +8 Wrath of Trog {antimagic, *Rage Rampage}
 36972 | Depths:3 | Found Plog's Antique Weapon Shoppe.
 36983 | Depths:3 | Acquired the +16 crystal plate armour of Dishonour {MP+9}
 37028 | Depths:3 | Found Hagh's General Store.
 37070 | Depths:3 | Reached skill level 10 in Shapeshifting
 37102 | Depths:3 | Bought a potion of curing for 51 gold pieces
 37142 | Depths:3 | Identified the +0 robe "Pintiam" {MP+9 Int+2 Stlth+}
 37470 | Depths:4 | Entered Level 4 of the Depths
 37547 | Depths:4 | Found Golidaq's Assorted Antiques.
 37557 | Depths:4 | Bought a wand of roots (5) for 264 gold pieces
 37580 | Depths:4 | Found a sacrificial altar of Ru.
 37584 | Depths:4 | Found Jacsesish's Weapon Emporium.
 37788 | Depths:4 | Found Tueguanozi's Magic Scroll Shop.
 37822 | Depths:4 | Noticed a bone dragon
 37828 | Depths:4 | Killed a bone dragon
 37921 | Depths:4 | Noticed a bone dragon
 37930 | Depths:4 | Noticed a bone dragon
 37945 | Depths:4 | Killed a bone dragon
 37952 | Depths:4 | Killed a bone dragon
 37974 | Depths:4 | Noticed a golden dragon
 37977 | Depths:4 | Killed a golden dragon
 37978 | Depths:4 | Reached XP level 23. HP: 188/194 MP: 20/20
 38028 | Depths:4 | Found Deyc's Weapon Emporium.
 38099 | Depths:4 | Found Hyidgh's Armour Emporium.
 38293 | Depths:4 | Found a gate to the Realm of Zot.
 38628 | Elf:1    | Entered Level 1 of the Elven Halls
 38760 | Abyss:2  | Cast into level 2 of the Abyss (an occultist)
 38833 | Abyss:2  | Found a corrupted altar of Lugonu.
 38858 | Abyss:2  | Found a corrupted altar of Lugonu.
 38871 | Abyss:2  | Gained mutation: You are clumsy. (Dex -2) [a neqoxec]
 38875 | Abyss:2  | Gained mutation: You are frail. (-10% HP) [a neqoxec]
 39272 | Elf:1    | Escaped the Abyss
 39285 | Elf:1    | Reached skill level 1 in Spellcasting
 39292 | Elf:1    | Reached skill level 1 in Translocations
 39384 | Elf:1    | Identified the serpent talisman of Polish {Str+3}
 39384 | Elf:1    | Noticed Aizul
 39396 | Elf:1    | Killed Aizul
 39638 | Elf:1    | Found Weus's Antique Armour Shoppe.
 39648 | Elf:1    | Noticed Zenata
 39697 | Elf:1    | Killed Zenata
 39874 | Abyss:3  | Found a viscous altar of Jiyva.
 39874 | Abyss:3  | Cast into level 3 of the Abyss (a deep elf sorcerer)
 39876 | Abyss:3  | Found a corrupted altar of Lugonu.
 39898 | Elf:1    | Escaped the Abyss
 39946 | Elf:1    | Learned a level 2 spell: Lesser Beckoning
 40287 | Elf:1    | Identified the +7 chain mail of Gohekixe {rN++ rCorr Str+2
                  | Int-5}
 40408 | Elf:2    | Reached skill level 1 in Hexes
 40523 | Elf:2    | Found Laurribu's Distillery.
 40759 | Elf:2    | Found a runed translucent gate.
 40759 | Elf:2    | Found a runed translucent gate.
 40759 | Elf:2    | Found a runed translucent gate.
 41390 | Elf:3    | Entered Level 3 of the Elven Halls
 41467 | Elf:3    | Reached XP level 24. HP: 170/180 MP: 24/24
 41885 | Elf:3    | Identified the +6 mace of Beosk {pain, Int-5 Dex+5}
 41886 | Elf:3    | Identified the +5 spear "Dapsulabask" {flame, rC++ Int-3
                  | Dex+3 SInv}
 41901 | Elf:3    | Identified the amulet of the Fiend {Regen+ Int+3 Dex+4}
 41926 | Elf:3    | Identified the +6 longbow "Hoxkoag" {elec, Str+4 Int+6
                  | Dex-4}
 41942 | Elf:3    | Identified the +5 great sword of the Enfolding Gods {venom,
                  | +Blink rF+}
 41950 | Elf:3    | Identified the +2 plate armour of Qemov {+Inv rC++ Dex+2}
 41955 | Elf:3    | Identified the staff of Dominance {rPois rC+ rCorr Int-4
                  | Dex+3 Ice}
 41963 | Elf:3    | Identified the +5 halberd of Actus Reus {flame, Str+4 Int+2
                  | Dex+3}
 41964 | Elf:3    | Identified the +6 arbalest of Earthquakes {drain, MP+9}
 41966 | Elf:3    | Got the Folio of Evolving Topomancy
 42583 | Vaults:1 | Entered Level 1 of the Vaults
 42661 | Vaults:1 | Found the +3 crown of Dyrovepreva {rElec Int+2 SInv}
 42665 | Vaults:1 | Found Zikicw's Armour Shoppe.
 42737 | Vaults:1 | Found Ninadum's Antique Weapon Shop.
 43054 | Vaults:1 | Found Oleata's Jewellery Shop.
 43166 | Vaults:1 | Found Jihoibai's Weapon Boutique.
 43345 | Vaults:1 | Found Kedygg's Antique Weapon Emporium.
 43432 | Vaults:1 | Reached XP level 25. HP: 164/177 MP: 26/26
 43538 | Vaults:1 | Reached skill level 15 in Shapeshifting
 44755 | Vaults:2 | Found a staircase to the Crypt.
 45083 | Vaults:2 | Found Oty Bael's Jewellery Boutique.
 45271 | Vaults:3 | Found a magical portal.
 45276 | WizLab   | Entered The Hall of the Hellbinder
 45568 | WizLab   | Found a burning altar of Makhleb.
 45579 | WizLab   | Got the Thoughts on Adjuration
 45629 | WizLab   | Identified the staff "Gomeofu" {rF+ Will++ Int+4 Stlth-
                  | Fire}
 45632 | WizLab   | Identified the staff of Anerul {rPois Int+2 Poison}
 45924 | Vaults:3 | Noticed Mara
 45929 | Vaults:3 | Noticed Tenar's illusion
 45942 | Vaults:3 | Killed Mara
 46161 | Vaults:3 | Reached XP level 26. HP: 193/193 MP: 26/26
 48255 | Vaults:5 | Entered Level 5 of the Vaults
 48936 | Vaults:5 | Reached XP level 27. HP: 193/198 MP: 26/26
 49066 | Vaults:5 | Noticed a dread lich
 49074 | Vaults:5 | Noticed an ancient lich
 49076 | Vaults:5 | Killed a dread lich
 49084 | Vaults:5 | Killed an ancient lich
 49192 | Vaults:5 | Identified the +6 great sword of Truncation {heavy,
                  | *Corrode rN+ Stlth+}
 49199 | Vaults:5 | Got the Volume of Rotting Lava
 49446 | Vaults:5 | Noticed an ancient lich
 49452 | Vaults:5 | Killed an ancient lich
 49510 | Vaults:5 | Identified the +6 morningstar "Vexomus" {heavy, rPois Will+
                  | MP-9 Dex+2}
 49605 | Vaults:5 | Identified the +5 bardiche "Hellblazer" {heavy, Fly Will+
                  | Str+3 Int+2}
 49605 | Vaults:5 | Identified the amulet "Myagoome" {Acrobat +Inv rC+ rN+}
 49825 | Vaults:5 | Got the Atlas of Undead Ashes
 49952 | Vaults:5 | Got a silver rune of Zot
 50103 | Vaults:5 | Lost mutation: Your magical capacity is low. (-10% MP)
                  | [potion of mutation]
 50103 | Vaults:5 | Lost mutation: You are frail. (-10% HP) [potion of
                  | mutation]
 50103 | Vaults:5 | Lost mutation: You are clumsy. (Dex -2) [potion of
                  | mutation]
 50103 | Vaults:5 | Gained mutation: Your natural rate of healing is unusually
                  | fast. [potion of mutation]
 50103 | Vaults:5 | Gained mutation: You are partially covered in iridescent
                  | scales. (AC +2) [potion of mutation]
 50226 | Crypt:1  | Entered Level 1 of the Crypt
 50498 | Crypt:1  | Found a transporter.
 50501 | Crypt:1  | Noticed Datograv's ghost (adept NaAE)
 50503 | Crypt:1  | Found a transporter.
 50510 | Crypt:1  | Noticed Gith's ghost (veteran MeFi)
 50517 | Crypt:1  | Identified the +11 quarterstaff of Miowk {holy, rElec}
 50529 | Crypt:1  | Identified the +7 ring mail "Byla" {rElec Regen+}
 50949 | Crypt:1  | Noticed Yzeiphu's ghost (adept OpEE)
 51064 | Crypt:1  | Identified the staff of Desperation {rElec rF- rN++ rCorr
                  | Air}
 51198 | Crypt:2  | Noticed Saint Roka
 51219 | Crypt:2  | Killed Saint Roka
 52561 | Crypt:3  | Entered Level 3 of the Crypt
 52899 | Crypt:3  | Noticed Vv
 52921 | Crypt:3  | Killed Vv
 53202 | Crypt:3  | Found an ancient bone altar of Kikubaaqudgha.
 53507 | Crypt:3  | Noticed a dread lich
 53523 | Crypt:3  | Killed a dread lich
 53528 | Crypt:3  | Noticed an ancient lich
 53547 | Crypt:3  | Killed an ancient lich
 53555 | Crypt:3  | Identified the +4 hand axe of Desertification {heavy, rElec
                  | rF+++ rN++ Stlth-}
 53557 | Crypt:3  | Identified the +9 scimitar of the Sage {freeze, rN+ MP+9}
 53562 | Crypt:3  | Identified the +5 sling of the Verdant God {drain, rElec
                  | rPois Int+3}
 53873 | Crypt:3  | Found a staircase to the Tomb.
 54169 | Tomb:1   | Entered Level 1 of the Tomb of the Ancients
 54629 | Tomb:1   | Noticed a royal mummy
 54645 | Tomb:1   | Killed a royal mummy
 54662 | Tomb:1   | Noticed a royal mummy
 54678 | Tomb:1   | Killed a royal mummy
 54679 | Tomb:1   | Reached skill level 27 in Ranged Weapons
 54684 | Tomb:1   | Noticed a royal mummy
 54699 | Tomb:1   | Killed a royal mummy
 54979 | Tomb:1   | Learned a level 5 spell: Borgnjor's Vile Clutch
 55111 | Tomb:2   | Noticed a royal mummy
 55113 | Tomb:2   | Noticed a royal mummy
 55161 | Tomb:2   | Noticed a royal mummy
 55163 | Tomb:2   | Killed a royal mummy
 55182 | Tomb:2   | Noticed a royal mummy
 55199 | Tomb:2   | Killed a royal mummy
 55515 | Tomb:2   | Got the Precepts of Overcast Formation
 55639 | Tomb:1   | Noticed a royal mummy
 55641 | Tomb:1   | Noticed a royal mummy
 55642 | Tomb:1   | Noticed a royal mummy
 55642 | Tomb:1   | Noticed a royal mummy
 55644 | Tomb:1   | Noticed a royal mummy
 55644 | Tomb:1   | Noticed a royal mummy
 55646 | Tomb:1   | Killed a royal mummy
 55653 | Tomb:1   | Killed a royal mummy
 55655 | Tomb:1   | Noticed a royal mummy
 55655 | Tomb:1   | Noticed a royal mummy
 55657 | Tomb:1   | Killed a royal mummy
 55660 | Tomb:1   | Killed a royal mummy
 55669 | Tomb:1   | Killed a royal mummy
 55678 | Tomb:1   | Killed a royal mummy
 55686 | Tomb:1   | Killed a royal mummy
 55692 | Tomb:1   | Noticed a royal mummy
 55694 | Tomb:1   | Noticed a royal mummy
 55702 | Tomb:1   | Killed a royal mummy
 55724 | Tomb:1   | Killed a royal mummy
 55796 | Tomb:1   | Noticed a royal mummy
 55799 | Tomb:1   | Noticed a royal mummy
 55806 | Tomb:1   | Killed a royal mummy
 55826 | Tomb:1   | Killed a royal mummy
 55868 | Tomb:1   | Noticed a royal mummy
 55868 | Tomb:1   | Noticed a royal mummy
 55878 | Tomb:1   | Noticed a royal mummy
 55887 | Tomb:1   | Killed a royal mummy
 55894 | Tomb:1   | Killed a royal mummy
 55903 | Tomb:1   | Killed a royal mummy
 55932 | Tomb:1   | Noticed a royal mummy
 55935 | Tomb:1   | Noticed a royal mummy
 55936 | Tomb:1   | Noticed a royal mummy
 55938 | Tomb:1   | Noticed a royal mummy
 55943 | Tomb:1   | Noticed a royal mummy
 55945 | Tomb:1   | Noticed a royal mummy
 55954 | Tomb:1   | Killed a royal mummy
 55960 | Tomb:1   | Killed a royal mummy
 55960 | Tomb:1   | Killed a royal mummy
 55960 | Tomb:1   | Killed a royal mummy
 55962 | Tomb:1   | Killed a royal mummy
 55962 | Tomb:1   | Killed a royal mummy
 56190 | Tomb:2   | Killed a royal mummy
 56558 | Tomb:3   | Entered Level 3 of the Tomb of the Ancients
 56575 | Tomb:3   | Noticed a royal mummy
 56579 | Tomb:3   | Noticed a royal mummy
 56579 | Tomb:3   | Noticed a royal mummy
 56582 | Tomb:3   | Noticed a royal mummy
 56588 | Tomb:3   | Killed a royal mummy
 56589 | Tomb:3   | Noticed a royal mummy
 56597 | Tomb:3   | Killed a royal mummy
 56703 | Tomb:3   | Identified the +6 shortbow "Amuun" {speed, Contam rF+ Str+4
                  | Stlth+}
 56750 | Tomb:3   | Killed a royal mummy
 56775 | Tomb:3   | Identified the +7 arbalest of Darkness {flame, rElec rN+
                  | Will+++ Int-2}
 56799 | Tomb:3   | Killed a royal mummy
 56803 | Tomb:3   | Identified the +6 long sword of the Volcano {flame, rF-
                  | Int+5 SInv}
 56927 | Tomb:3   | Noticed Khufu
 56932 | Tomb:3   | Noticed a royal mummy
 56937 | Tomb:3   | Killed a royal mummy
 56939 | Tomb:3   | Killed Khufu
 56970 | Tomb:3   | Got a golden rune of Zot
 56984 | Tomb:3   | Killed a royal mummy
 57030 | Tomb:3   | Found the +8 demon trident "Rift" {distort, reach+}
 57044 | Tomb:3   | Killed a royal mummy
 57073 | Tomb:3   | Identified the ring "Noisoph" {rElec rF+ rN+ Slay+5 Stlth-}
 57081 | Tomb:3   | Identified the +5 war axe of a treasure trove {spect,
                  | rElec}
 57091 | Tomb:3   | Identified the ring "Qapy" {Drain +Blink Str-4 Int+6 SInv}
 57093 | Tomb:3   | Identified the +2 short sword of Plague {freeze, Drain
                  | Dex+5}
 57094 | Tomb:3   | Identified the amulet of Qywkuum {RegenMP rF+++ Int-3
                  | Stlth+}
 57103 | Tomb:3   | Got the Reference Book on the Glowing Winter
 57108 | Tomb:3   | Identified the +6 plate armour of Zeomeet {Int+3}
 57109 | Tomb:3   | Identified the staff "Ujigotho" {SInv Conj}
 57128 | Tomb:3   | Identified the +3 war axe of Lastokh {flame, rN+}
 57645 | Slime:1  | Entered Level 1 of the Pits of Slime
 57721 | Slime:1  | Found a viscous altar of Jiyva.
 59157 | Slime:5  | Entered Level 5 of the Pits of Slime
 59316 | Slime:5  | Noticed the Royal Jelly
 59330 | Slime:5  | Killed the Royal Jelly
 59443 | Slime:5  | Identified the amulet "Ikho Zabb" {Reflect rC+ SH+5}
 59447 | Slime:5  | Identified the +2 mace "Orghufilo" {pain, Dex+2}
 59449 | Slime:5  | Identified the +1 robe of Grace {rPois Dex+3}
 59453 | Slime:5  | Identified the +8 flail of Weak Tortfeasance {pain, rElec
                  | MP+9}
 59458 | Slime:5  | Identified the +2 cloak "Peves" {+Inv rF- Int+2}
 59462 | Slime:5  | Got a slimy rune of Zot
 59469 | Slime:5  | Identified the ring "Ijyifyem" {rC++ Will+ Str+3 Dex+3}
 59696 | Slime:5  | Reached skill level 27 in Shields
 60696 | Zot:1    | Entered Level 1 of the Realm of Zot
 61101 | Zot:1    | Noticed Grunn
 61115 | Zot:1    | Killed Grunn
 61270 | Zot:1    | Identified the +4 plate armour "Huahu" {rC+ Dex+3}
 62135 | Zot:2    | Noticed a Killer Klown
 62187 | Zot:2    | Killed a Killer Klown
 63208 | Zot:3    | Noticed a Killer Klown
 63217 | Zot:3    | Killed a Killer Klown
 63218 | Zot:3    | Found a blossoming altar of Fedhas.
 63226 | Zot:3    | Found a snail-covered altar of Cheibriados.
 63248 | Zot:3    | Found a bloodstained altar of Trog.
 63262 | Zot:3    | Found a shimmering blue altar of Sif Muna.
 63475 | Zot:3    | Noticed a Killer Klown
 63487 | Zot:3    | Killed a Killer Klown
 64312 | Zot:4    | Noticed an orb of fire
 64321 | Zot:4    | Killed an orb of fire
 65141 | Zot:5    | Entered Level 5 of the Realm of Zot
 65676 | Zot:5    | Noticed an ancient lich
 65683 | Zot:5    | Killed an ancient lich
 65700 | Zot:5    | Noticed an orb of fire
 65711 | Zot:5    | Noticed a Killer Klown
 65712 | Zot:5    | Killed an orb of fire
 65724 | Zot:5    | Killed a Killer Klown
 65799 | Zot:5    | Noticed an orb of fire
 65808 | Zot:5    | Noticed an orb of fire
 65808 | Zot:5    | Noticed an orb of fire
 65828 | Zot:5    | HP: 7/233 [orb of fire/fireball (13)]
 65829 | Zig:1    | Entered Level 1 of a ziggurat
 65908 | Zig:1    | Identified the +0 pair of boots "Disuguh" {Will+}
 65918 | Zig:2    | Entered Level 2 of a ziggurat
 65948 | Zig:3    | Entered Level 3 of a ziggurat
 65998 | Zig:4    | Entered Level 4 of a ziggurat
 66034 | Zig:4    | Identified the +2 long sword of Sulphur {freeze, Drain rN+
                  | SInv}
 66038 | Zig:4    | Got Xanwor's Opusculum on the Planar Volcano
 66044 | Zig:5    | Entered Level 5 of a ziggurat
 66102 | Zig:6    | Entered Level 6 of a ziggurat
 66109 | Zig:6    | Noticed an ancient lich
 66125 | Zig:6    | Killed an ancient lich
 66166 | Zot:5    | Noticed a Killer Klown
 66169 | Zot:5    | Noticed an orb of fire
 66172 | Zot:5    | Noticed a Killer Klown
 66177 | Zot:5    | Noticed an ancient lich
 66178 | Zot:5    | Noticed a Killer Klown
 66185 | Zot:5    | Noticed an orb of fire
 66193 | Zot:5    | Noticed a Killer Klown
 66308 | Zot:5    | Killed an orb of fire
 66309 | Zot:5    | Reached skill level 15 in Dodging
 66318 | Zot:5    | Killed a Killer Klown
 66334 | Zot:5    | Noticed an orb of fire
 66352 | Zot:4    | Killed an orb of fire
 66408 | Zot:4    | Killed an orb of fire
 66430 | Zot:5    | Killed an orb of fire
 66501 | Zot:5    | Killed an orb of fire
 66512 | Zot:5    | Killed a Killer Klown
 66521 | Zot:5    | Killed an ancient lich
 66523 | Zot:5    | Killed a Killer Klown
 66552 | Zot:5    | Noticed an orb of fire
 66562 | Zot:5    | Killed an orb of fire
 66608 | Zot:5    | Killed an orb of fire
 66815 | Zot:5    | Killed a Killer Klown
 66816 | Zot:5    | Reached skill level 27 in Armour
 67189 | Zot:5    | Bought the +2 pair of slick slippers {slick, slippery,
                  | EV+4} for 536 gold pieces
 67189 | Zot:5    | Found the +2 pair of slick slippers {slick, slippery, EV+4}
 67870 | Depths:3 | Voluntarily entered the Abyss.
 67879 | Abyss:3  | Found a corrupted altar of Lugonu.
 67906 | Abyss:3  | Found a corrupted altar of Lugonu.
 68681 | Abyss:4  | Found a corrupted altar of Lugonu.
 68711 | Abyss:4  | Reached skill level 5 in Spellcasting
 68940 | Abyss:4  | Reached skill level 5 in Translocations
 69020 | Abyss:4  | Learned a level 5 spell: Summon Mana Viper
 69099 | Abyss:4  | Reached skill level 1 in Summonings
 69154 | Abyss:4  | Reached skill level 5 in Hexes
 69455 | Abyss:4  | Reached skill level 1 in Axes
 69716 | Abyss:4  | Reached skill level 5 in Summonings
 69929 | Abyss:4  | Identified the ring of Wuetogha {rN+ AC+4 Str+2}
 70104 | Abyss:4  | Found a corrupted altar of Lugonu.
 70113 | Abyss:4  | Reached skill level 5 in Axes
 70202 | Abyss:4  | Found a corrupted altar of Lugonu.
 70337 | Abyss:4  | Got an abyssal rune of Zot
 70581 | Abyss:4  | Reached skill level 10 in Hexes
 70583 | Depths:3 | Escaped the Abyss
 70875 | Crypt:1  | Killed Gith's ghost
 70877 | Crypt:1  | Killed Yzeiphu's ghost
 70918 | Crypt:1  | Killed Datograv's ghost
 71248 | Hell     | Entered the Vestibule of Hell
 71248 | Hell     | Noticed Geryon
 71553 | Hell     | Killed Geryon
 71739 | Hell     | Found a gateway to the decaying netherworld of Tartarus.
 71835 | Hell     | Found a gateway to the freezing wastes of Cocytus.
 72014 | Hell     | Found a gateway to the ashen valley of Gehenna.
 72082 | Hell     | Found a gateway to the Iron City of Dis.
 72560 | Pan      | Entered Pandemonium
 72666 | Pan      | Identified the +10 shortbow of Noon {antimagic, +Blink rC++
                  | SInv Stlth-}
 73053 | Pan      | Noticed Woumpeec the pandemonium lord
 73073 | Pan      | Killed Woumpeec the pandemonium lord
 73125 | Pan      | Got a demonic rune of Zot
 73968 | Pan      | Noticed Hemech the pandemonium lord
 73991 | Pan      | Reached skill level 1 in Earth Magic
 73998 | Pan      | Reached skill level 1 in Necromancy
 73999 | Pan      | Killed Hemech the pandemonium lord
 75097 | Pan      | Noticed Yfojawno the pandemonium lord
 75111 | Pan      | Killed Yfojawno the pandemonium lord
 76463 | Pan      | Reached skill level 10 in Summonings
 77716 | Pan      | Noticed Ecor the pandemonium lord
 77739 | Pan      | Killed Ecor the pandemonium lord
 77840 | Pan      | Got the Omnibus of Anemomancy and the Fault
 78149 | Pan      | Reached skill level 5 in Earth Magic
 78202 | Pan      | Noticed Sistri Daaxy the pandemonium lord
 78210 | Pan      | Killed Sistri Daaxy the pandemonium lord
 78242 | Pan      | Learned a level 7 spell: Enfeeble
 78338 | Pan      | Reached skill level 10 in Spellcasting
 78488 | Pan      | Noticed Catucir the pandemonium lord
 78505 | Pan      | Killed Catucir the pandemonium lord
 78552 | Pan      | Identified the +0 robe of the Comet {Dex+3}
 78732 | Pan      | Found an exit through the horrors of the Abyss.
 79229 | Pan      | Reached skill level 5 in Necromancy
 79321 | Pan      | Noticed Jusucil the pandemonium lord
 79333 | Pan      | Killed Jusucil the pandemonium lord
 79423 | Pan      | Identified the amulet of Miracles {RegenMP rC+ Will+ Int+3}
 79430 | Pan      | Entered the realm of Mnoleg.
 79430 | Pan      | Noticed Mnoleg
 79447 | Pan      | Killed Mnoleg
 79495 | Pan      | Got a glowing rune of Zot
 79827 | Pan      | Reached skill level 15 in Hexes
 79980 | Pan      | Identified the +4 leather armour of Dim Light {Int+3}
 80173 | Pan      | Noticed Mennas
 80209 | Pan      | Killed Mennas
 80307 | Pan      | Found an exit through the horrors of the Abyss.
 80759 | Pan      | Noticed Yppeink the pandemonium lord
 80785 | Pan      | Killed Yppeink the pandemonium lord
 80856 | Pan      | Noticed Podun the pandemonium lord
 80863 | Abyss:5  | Found a corrupted altar of Lugonu.
 80863 | Abyss:5  | Cast into level 5 of the Abyss (Podun)
 80885 | Pan      | Escaped the Abyss
 80929 | Pan      | Killed Podun the pandemonium lord
 80950 | Pan      | Reached skill level 10 in Translocations
 81002 | Pan      | Entered the realm of Cerebov.
 81201 | Pan      | Found an exit through the horrors of the Abyss.
 81515 | Pan      | Identified the ring of Cowardice {rCorr Str+6}
 81748 | Pan      | Found the +6 sword of Cerebov {flame}
 81748 | Pan      | Noticed Cerebov
 81791 | Pan      | Killed Cerebov
 81942 | Pan      | Got Asmodeus's Tome of the Flock
 82174 | Pan      | Got a fiery rune of Zot
 82424 | Pan      | Entered the realm of Lom Lobon.
 82886 | Pan      | Noticed Lom Lobon
 82919 | Pan      | Killed Lom Lobon
 83007 | Pan      | Got a magical rune of Zot
 83127 | Pan      | Found an exit through the horrors of the Abyss.
 83202 | Pan      | Entered the realm of Gloorx Vloq.
 83629 | Pan      | Reached skill level 10 in Earth Magic
 83733 | Pan      | Found an exit through the horrors of the Abyss.
 84143 | Pan      | Noticed Gloorx Vloq
 84163 | Pan      | Killed Gloorx Vloq
 84210 | Pan      | Got a dark rune of Zot
 84364 | Pan      | Took an exit into the Abyss.
 84364 | Abyss:5  | Escaped into the Abyss
 84391 | Orc:2    | Escaped the Abyss
 84438 | Orc:2    | Upgraded the game from 0.31-a0-1104-g3bd3108e02 to
                  | 0.31-a0-1134-gb247575874
 84923 | Coc:1    | Entered Level 1 of Cocytus
 85135 | Coc:2    | Learned a level 4 spell: Animate Armour
 86086 | Coc:6    | Noticed a shard shrike
 86098 | Coc:6    | Noticed a shard shrike
 86099 | Coc:6    | Noticed a shard shrike
 86102 | Coc:6    | Killed a shard shrike
 86106 | Coc:6    | Killed a shard shrike
 86118 | Coc:6    | Killed a shard shrike
 86154 | Coc:6    | Noticed a shard shrike
 86161 | Coc:6    | Killed a shard shrike
 86184 | Coc:7    | Entered Level 7 of Cocytus
 86566 | Coc:7    | Noticed a shard shrike
 86689 | Coc:7    | Noticed a shard shrike
 86693 | Coc:7    | Noticed a shard shrike
 86714 | Coc:7    | Killed a shard shrike
 86715 | Coc:7    | Killed a shard shrike
 86716 | Coc:7    | Reached skill level 10 in Necromancy
 86779 | Coc:7    | Killed a shard shrike
 86859 | Coc:7    | Found the ring of the Hare {EV+10}
 86873 | Coc:7    | Got the Enchiridion on Electricity and Kinetic Energy
 87156 | Coc:7    | Reached skill level 15 in Summonings
 87433 | Coc:7    | Identified the +12 falchion of Qazlal's Anger {protect,
                  | rCorr}
 87433 | Coc:7    | Noticed Antaeus
 87465 | Coc:7    | Killed Antaeus
 87501 | Coc:7    | Got an icy rune of Zot
 87503 | Coc:7    | Identified the staff "Uvvich" {+Blink rN+ Necro}
 88284 | Coc:7    | Identified the staff of Valour {rElec rF+ Air}
 89032 | Hell     | Upgraded the game from 0.31-a0-1134-gb247575874 to
                  | 0.31-a0-1144-g99969ba1bc
 89041 | Hell     | Learned a level 7 spell: Malign Gateway
 89089 | Geh:1    | Entered Level 1 of Gehenna
 89185 | Geh:1    | Reached skill level 1 in Long Blades
 89706 | Geh:3    | Noticed a dread lich
 89716 | Geh:3    | Killed a dread lich
 90359 | Geh:5    | Noticed a dread lich
 90366 | Geh:5    | Killed a dread lich
 90865 | Geh:7    | Entered Level 7 of Gehenna
 91430 | Geh:7    | Reached skill level 27 in Fighting
 91520 | Geh:7    | Noticed the Serpent of Hell
 91535 | Geh:7    | Killed the Serpent of Hell
 91552 | Geh:7    | Identified the ring of Ozxip {rF+ rN+ Dex+6}
 91630 | Geh:7    | Identified the +7 dire flail of Zeuk {antimagic, Dex+2}
 91675 | Geh:7    | Identified the staff of Xungitz {rElec rPois MP+9 Int+3
                  | Dex-2 Poison}
 91705 | Geh:7    | Found the +13 sceptre of Asmodeus
 91705 | Geh:7    | Noticed Asmodeus
 91723 | Geh:7    | Killed Asmodeus
 91724 | Geh:7    | Reached skill level 5 in Long Blades
 91783 | Geh:7    | Got an obsidian rune of Zot
 91785 | Geh:7    | Got the Anthology of the Mob
 92002 | Geh:7    | Reached skill level 1 in Maces & Flails
 92177 | Tar:1    | Entered Level 1 of Tartarus
 92245 | Tar:1    | Learned a level 5 spell: Yara's Violent Unravelling
 92522 | Tar:3    | Found a runed translucent door.
 92666 | Tar:5    | Found a huge runed gate.
 92666 | Tar:5    | Found a huge runed gate.
 92672 | Tar:5    | Found a huge runed gate.
 92674 | Tar:5    | Found a huge runed gate.
 92676 | Tar:5    | Found a huge runed gate.
 92677 | Tar:5    | Found a huge runed gate.
 92679 | Tar:5    | Found a huge runed gate.
 92679 | Tar:5    | Found a huge runed gate.
 92680 | Tar:5    | Found a huge runed gate.
 92799 | Tar:7    | Entered Level 7 of Tartarus
 93198 | Tar:7    | Reached skill level 15 in Spellcasting
 93226 | Tar:7    | Noticed Ereshkigal
 93316 | Tar:7    | Killed Ereshkigal
 93345 | Tar:7    | Got a bone rune of Zot
 93564 | Dis:1    | Entered Level 1 of the Iron City of Dis
 93610 | Dis:1    | Reached skill level 5 in Maces & Flails
 93640 | Dis:3    | Noticed a dread lich
 93640 | Dis:3    | Noticed an ancient lich
 93641 | Dis:3    | Noticed an ancient lich
 93653 | Dis:3    | Killed an ancient lich
 93654 | Dis:3    | Killed an ancient lich
 93722 | Dis:3    | Killed a dread lich
 93722 | Dis:3    | Noticed a dread lich
 93726 | Dis:3    | Noticed a dread lich
 93729 | Dis:3    | Killed a dread lich
 93736 | Dis:3    | Noticed an ancient lich
 93736 | Dis:3    | Noticed a dread lich
 93739 | Dis:3    | Killed an ancient lich
 93752 | Dis:3    | Killed an ancient lich
 93896 | Dis:7    | Entered Level 7 of the Iron City of Dis
 94370 | Dis:7    | Noticed a juggernaut
 94386 | Dis:7    | Killed a juggernaut
 94806 | Dis:7    | Noticed a juggernaut
 94814 | Dis:7    | Killed a juggernaut
 95007 | Dis:7    | Noticed a juggernaut
 95009 | Dis:7    | Noticed Dispater
 95037 | Dis:7    | Killed Dispater
 95089 | Dis:7    | Got an iron rune of Zot
 95587 | Zot:5    | Got the Orb of Zot
 95682 | Zot:4    | Noticed Huiforgha the pandemonium lord
 96235 | D:$      | Escaped with the Orb!

Illustrated notes

Levels and vault maps discovered:
D:1:      scummos_arrival_star, layout_rooms, serial_bayou,
          serial_bayou_shore_b, serial_bayou_ford_a, serial_bayou_shore_b,
          serial_bayou_pond_c
D:2:      layout_rooms, basic_altar, uniq_crazy_yiuf_cottage
D:3:      layout_basic
D:4:      layout_layer_cave, okawaru_metal_pillars_1_2, serial_rivers,
          chequers_serial_rivers_small_3, chequers_serial_rivers_micro_e,
          chequers_serial_rivers_micro_e, chequers_serial_rivers_micro_b,
          uniq_grinder, uniq_sigmund, uniq_eustachio, uniq_robin
D:5:      layout_cave_pods, grunt_temple_overflow_open, serial_column_ruins,
          column_ruins_hut_ruined, column_ruins_hut, column_ruins_open_tiny,
          column_ruins_open_medium, column_ruins_open_small,
          column_ruins_grid_1, column_ruins_columns_corner,
          column_ruins_open_tiny
D:6:      layout_basic, minmay_temple_entry_tees, portal_sewer_entry_b
D:7:      minmay_chambers_of_sevens, layout_basic, mainiacjoe_overflow_catwalk,
          uniq_jeremiah
D:8:      layout_basic
D:9:      layout_long_grid, gammafunk_ghost_spectres,
          nicolae_twisty_statue_hallways, uniq_joseph
D:10:     layout_loops_corners, erik_lair_island, orc_0_dummy, enter_bailey_5
D:11:     minmay_the_grid_octo_triangle [minmay_the_grid_octo_clover_2,
          minmay_the_grid_octo_prize_square_snowflake,
          minmay_the_grid_octo_fat_diamond], layout_loops_corners,
          gammafunk_ghost_smash
D:12:     gammafunk_wand_slinger, layout_irregular_city, uniq_nessos
D:13:     layout_roguey, lightli_vaults_fourway_checkpoint, grunt_ministairs_15,
          minmay_gold_behind_fungi
D:14:     layout_roguey, chequers_serial_rivers_small_a, minmay_more_statues
D:15:     grunt_enter_depths_magical_seal, layout_loops_ring, minivault_5,
          nicolae_ru_the_path_less_chosen, uniq_roxanne, uniq_louise,
          uniq_jorgrun
Temple:   dpeg_three_leaves_temple
Lair:1:   layout_layer_cave, minivault_25, chequers_serial_rivers_small_a,
          nicolae_lair_grove_arrangements
Lair:2:   layout_roguey, nicolae_lair_lakeside_cave, grunt_megastairs_5
Lair:3:   layout_cave_shapes, minmay_shoals_entry_beasts,
          spider_nest_entry_rubble, grunt_megastairs_4
Lair:4:   layout_gridlike, slime_entry_1, gauntlet_entry_generic,
          columned_hall_lemuel
Lair:5:   gammafunk_lair_ancient_temple, layout_cave_shapes, st_stairs_10,
          lemuel_fruit_tree, infiniplex_staircase_pool, uniq_sonja
Shoals:1: layout_shoals, serial_shops, shop
Shoals:2: layout_shoals, portal_ice_cave_entry_pillars_1
Shoals:3: layout_shoals, nicolae_shoals_circle_sea_wall
Shoals:4: shoals_end_hellmonk_storm_palace [storm_palace_center_circular,
          storm_palace_corner_blocked, storm_palace_corner_narrow,
          storm_palace_corner_reverse_hut, storm_palace_corner_pillars],
          uniq_mlioglotl, uniq_nikola
Spider:1: layout_spider_delve, nicolae_spider_webbed_stairs,
          hangedman_spider_tarantella_strand, uniq_donald
Spider:2: nicolae_spider_corner
Spider:3: layout_cave_pods, uniq_bai_suzhen
Spider:4: spider_rune_water, special_room [special_room_bee], uniq_arachne
Slime:1:  layout_caves, basic_altar
Slime:2:  layout_caves, cheibrodos_slime_lost_civilization_6
Slime:3:  layout_caves, nicolae_slime_rock_hall_of_fame
Slime:4:  layout_caves
Slime:5:  slime_pit_nicolae_royal_road_to_ruin
Orc:1:    layout_diamond_mine, mines2_david
Orc:2:    pf_orc_diabolical, layout_diamond_mine
Elf:1:    minmay_elf_arrival_plus, layout_geoelf_diagonals, serial_shops, shop,
          hangedman_elf_disciples, minmay_librarian, grunt_megastairs_3,
          uniq_aizul, uniq_zenata
Elf:2:    elven_hall_of_blades_hangedman_original [nicolae_blade_tridents],
          layout_onion_city, serial_shops, nicolae_shop_trees, minivault_16
Elf:3:    minmay_elf_hall_four_x, layout_geoelf_octagon
Vaults:1: v_misc_4, nicolae_vaults_network_s, grunt_vaults_hallway_long,
          vaults_room_mumra_shop_pool, hangedman_vaults_cutoff,
          vaults_mumra_minichess, vaults_standard_mumra_enter_the_diamond,
          nicolae_vaults_security_offices_1, dpeg_vaults_monster_box,
          layout_vaults_big_room, serial_shops, nicolae_shop_crystal,
          nicolae_shop_crystal, nicolae_shop_mannequins
Vaults:2: nicolae_vaults_octagons, ontoclasm_vaults_gateway,
          ontoclasm_vaults_chip, nicolae_vaults_diagonal_hallway_7,
          ontoclasm_vaults_loading_screen, hangedman_vaults_stretched_pinwheel,
          v_pattern_2, nicolae_vaults_big_ls, ontoclasm_vaults_twist,
          vaults_mumra_chevron, nicolae_vaults_little_squares_1,
          nicolae_vaults_what_the_h, v_misc_12, hangedman_vaults_nails,
          vaults_dpeg_encased_lava, layout_vaults_omnicross, dummy_crypt_entry,
          serial_shops, shop
Vaults:3: mu_enter_wizlab_1, hangedman_vaults_impose, vaults_room_hallway,
          nicolae_vaults_storage_closets_3, nicolae_vaults_trapezoid_lopsided_3,
          vaults_dpeg_emergency_exit, vaults_room_pools, ontoclasm_vaults_spin,
          vaults_room_hallway, layout_vaults_omnigrid, uniq_mara
Vaults:4: nicolae_vaults_off_center_swirl, v_misc_29, ontoclasm_vaults_bender,
          v_pattern_4, nicolae_vaults_meiosis, v_misc_26,
          nicolae_vaults_turnstiles, ontoclasm_vaults_fault, v_misc_8,
          serial_library_hellmonk_semicircle, nicolae_vaults_house_1,
          layout_vaults_ring
Vaults:5
Crypt:1:  layout_regular_city, nzn_ghost_randoct, st_small_mortuary,
          grunt_megastairs_2, grunt_crypt_arrival_webbed
Crypt:2:  dreamdust_cat_pyramid, layout_basic, uniq_saint_roka
Crypt:3:  evilmike_haunted_forest, uniq_vv
Tomb:1
Tomb:2
Tomb:3
Depths:1: layout_gridville, pf_hell_entry_great_geh, serial_shops,
          nicolae_shop_tiny_statue_garden, nicolae_shop_advertising_works
          [nicolae_subvault_shop_adworks], shop, lightli_corner_chamber
Depths:2: giant_chief_lemuel, layout_small_grid, enter_ziggurat_b,
          rand_demon_pan_entry_1, serial_sigils_hangedman_quiver, hell_entry,
          nicolae_good_shop
Depths:3: kennysheep_scales, layout_cave_pools, abyss_entry_flame_altar,
          hell_entry, kennysheep_kite_vault, minmay_shoptagon,
          infiniplex_staircase_split_hallway
Depths:4: grunt_zot_entry_gee_three, layout_cave_pools, serial_rivers,
          chequers_serial_rivers_large_a, chequers_serial_rivers_micro_e,
          chequers_serial_rivers_small_b, chequers_serial_rivers_small_b,
          basic_altar, hell_entry, serial_shops,
          nicolae_shop_bloodbath_and_beyond, shop_scrolls, nicolae_shop_crystal,
          nicolae_lakefront_shop, shop
Hell
Dis:1:    layout_gridville
Dis:2:    layout_jigsaw
Dis:3:    layout_subdivisions, nicolae_hells_leichenhalle
Dis:4:    layout_subdivisions, nicolae_hells_hurtin_island
Dis:5:    layout_jigsaw
Dis:6:    layout_subdivisions
Dis:7:    dis_hangedman
Geh:1:    layout_gehenna_pools_box
Geh:2:    layout_gehenna_pools_box, nicolae_geh_lava_in_the_way
Geh:3:    nicolae_geh_split_lavaduct, layout_gehenna_pools_basic
Geh:4:    layout_gehenna_lava_caves, nicolae_geh_amphitheater
Geh:5:    layout_gehenna_pools_basic, nicolae_geh_rippling_lava
Geh:6:    layout_gehenna_pools_basic
Geh:7:    geh_grunt
Coc:1:    layout_ice_bergs
Coc:2:    layout_ice_bergs, nicolae_coc_icebean_singular
          [nicolae_sub_coc_subbean]
Coc:3:    layout_cocytus_water_paths
Coc:4:    nicolae_coc_hellspring, layout_cocytus_water_paths
Coc:5:    layout_ice_bergs
Coc:6:    nooodl_cocytus_jagged_cave
Coc:7:    coc_mu
Tar:1:    minmay_shadows, layout_honeycomb
Tar:2:    layout_honeycomb
Tar:3:    nicolae_tar_ssshhh
Tar:4:    layout_grid_maze
Tar:5:    layout_honeycomb, nicolae_tar_cuneiform_two, door_vault
Tar:6:    layout_cathedral_of_symmetry
Tar:7:    tar_mu [tar_mu_maze]
Zot:1:    layout_concentric_octagons, uniq_grunn
Zot:2:    kennysheep_room_grid, layout_basic
Zot:3:    kennysheep_ambush_hall, layout_concentric_octagons,
          regret_index_zotdec_zees, hellmonk_formless_pools
Zot:4:    layout_cathedral_of_symmetry, regret_index_zotdec_wing_it,
          grunt_megastairs_1
Zot:5:    layout_twisted_circle

Skill      XL: |  1  2  3  4  5  6  7  8  9 10 11 12 13 14 15 16 17 18 19 20 21 22 23 24 25 26 27 |
---------------+----------------------------------------------------------------------------------+-----
Dodging        | 2 3 4 5 6 7 8 9 10 23 | 23.8
Armour         | 1 2 3 4 6 7 8 10 11 12 13 14 15 16 17 18 27 | 27.0
Fighting       | 3 4 5 6 8 9 10 11 13 14 15 16 17 18 19 27 | 27.0
Ranged Weapons | 5 6 7 9 10 12 13 15 16 17 18 19 20 21 22 23 24 25 27 | 27.0
Shields        | 2 5 8 11 14 16 17 18 19 20 21 22 23 27 | 27.0
Evocations     | 3 5 7 9 10 12 13 15 24 | 24.7
Shapeshifting  | 2 4 5 6 8 9 10 12 14 17 20 23 | 23.0
Spellcasting   | 3 4 15 | 15.5
Translocations | 2 3 13 | 13.6
Hexes          | 2 4 19 | 19.0
Summonings     | 15 | 15.5
Axes           | 7 |  7.5
Earth Magic    | 13 | 13.0
Necromancy     | 13 | 13.0
Long Blades    | 5 |  5.0
Maces & Flails | 8 |  8.5
Stealth        | |  1.2

Action                     |  1- 3 |  4- 6 |  7- 9 | 10-12 | 13-15 | 16-18 | 19-21 | 22-24 | 25-27 || total
---------------------------+-------+-------+-------+-------+-------+-------+-------+-------+-------++-------
  Melee: Dagger            |     6 |    12 |   121 |   270 |       |       |       |       |       ||   409
         Punch             |       |       |       |     3 |       |       |       |       |       ||     3
         Kick              |       |       |       |     7 |       |       |       |       |       ||     7
         Longbow           |       |       |       |       |     3 |       |       |       |       ||     3
   Fire: Shortbow          |    71 |       |       |       |       |       |       |       |       ||    71
         Orcbow            |    10 |    42 |   188 |       |       |       |       |       |       ||   240
         Longbow           |       |       |    68 |   496 |   806 |  1120 |   829 |   252 |  8323 || 11894
         Hand cannon       |       |       |       |       |       |       |   580 |  1211 |  2892 ||  4683
  Throw: Throwing net      |       |       |       |     4 |       |       |     2 |       |    11 ||    17
   Cast: Dimensional Bulls |       |       |       |       |       |       |       |       |    20 ||    20
         Enfeeble          |       |       |       |       |       |       |       |       |    13 ||    13
         Borgnjor's Vile C |       |       |       |       |       |       |       |       |    11 ||    11
         Summon Mana Viper |       |       |       |       |       |       |       |       |     7 ||     7
         Animate Armour    |       |       |       |       |       |       |       |       |     4 ||     4
         Apportation       |       |       |       |       |       |       |       |       |     2 ||     2
 Invoke: Call Merchant     |       |       |       |     2 |       |       |     4 |       |    10 ||    16
         Potion Petition   |       |       |       |     1 |       |       |       |       |    20 ||    21
         Bribe Branch      |       |       |       |       |       |       |       |       |     4 ||     4
Ability: Evoke Invisibilit |       |       |       |       |       |       |     2 |       |       ||     2
         Dig               |       |       |       |       |       |       |       |     1 |    11 ||    12
         Siphon Essence    |       |       |       |       |       |       |       |       |     2 ||     2
         Begin Untransform |       |       |       |       |       |       |       |       |     1 ||     1
  Evoke: Wand              |       |       |       |     5 |       |       |       |       |    23 ||    28
         Phantom mirror    |       |       |       |     2 |     1 |     1 |       |       |     8 ||    12
         Phial of floods   |       |       |       |       |       |     1 |     1 |       |     3 ||     5
         Lightning rod     |       |       |       |       |       |       |       |       |     4 ||     4
         Tin of tremorston |       |       |       |       |       |       |       |       |     6 ||     6
         Figurine of a zig |       |       |       |       |       |       |       |       |     1 ||     1
    Use: Scroll            |       |     7 |    10 |    15 |     9 |     2 |     3 |     2 |    40 ||    88
         Potion            |       |       |       |    10 |     2 |     3 |       |     3 |     2 ||    20
   Stab: Distracted        |     1 |       |       |       |       |       |       |       |       ||     1
         Invisible         |       |       |       |     5 |       |       |       |       |       ||     5
 Armour: Leather armour    |    28 |    21 |   157 |   366 |   348 |   145 |    41 |       |       ||  1106
         Skin              |       |       |       |     1 |       |       |       |       |       ||     1
         Ice dragon scales |       |       |       |       |       |       |   313 |   329 |   454 ||  1096
         Crystal plate arm |       |       |       |       |       |       |       |       |  2825 ||  2825
         Ring mail         |       |       |       |       |       |       |       |       |   598 ||   598
  Dodge: Dodged            |    33 |    24 |   214 |   389 |   295 |   139 |   309 |   170 |  3991 ||  5564
  Block: Kite shield       |       |       |       |   195 |   507 |       |       |       |       ||   702
         Tower shield      |       |       |       |       |    43 |   520 |   897 |   633 | 10839 || 12932
   Form: Death             |       |       |       |       |       |       |       |       |     2 ||     2

Table legend: (Time is in decaauts)
 A = Elapsed time spent in this place.
 B = Non-inter-level travel time spent in this place.
 C = Inter-level travel time spent in this place.
 D = Time resting spent in this place.
 E = Time spent auto-exploring this place.
 F = Levels seen in this place.
 G = Mean time per level.
                   A        B        C        D        E       F      G
               +--------+--------+--------+--------+--------+-----+--------+
         Total |  98214 |  89456 |   8758 |     15 |  57903 | 123 |  798.5 |
       Dungeon |  17915 |  15400 |   2515 |      0 |  11931 |  15 | 1194.3 |
        Temple |     11 |      7 |      4 |      0 |      0 |   1 |   11.0 |
          Lair |   7504 |   6962 |    542 |      0 |   5425 |   5 | 1500.8 |
        Shoals |   3274 |   3042 |    232 |      0 |   2101 |   4 |  818.5 |
   Spider Nest |   3947 |   3804 |    143 |      0 |   2942 |   4 |  986.8 |
    Slime Pits |   2638 |   2466 |    172 |      0 |   2005 |   5 |  527.6 |
  Orcish Mines |   1766 |   1374 |    392 |      0 |   1023 |   2 |  883.0 |
   Elven Halls |   3337 |   3230 |    107 |      0 |   2311 |   3 | 1112.3 |
        Vaults |   7560 |   6872 |    688 |      0 |   4738 |   5 | 1512.0 |
         Crypt |   4349 |   3904 |    445 |      0 |   2722 |   3 | 1449.7 |
          Tomb |   3004 |   2555 |    449 |      0 |   1545 |   3 | 1001.3 |
        Depths |   5915 |   4796 |   1119 |      0 |   2924 |   4 | 1478.8 |
          Hell |   1188 |    957 |    231 |      0 |    551 |   1 | 1188.0 |
           Dis |   1827 |   1612 |    215 |      0 |    556 |   7 |  261.0 |
       Gehenna |   3147 |   3046 |    101 |      0 |   1693 |   7 |  449.6 |
       Cocytus |   4256 |   3913 |    343 |      0 |   1551 |   7 |  608.0 |
      Tartarus |   1450 |   1212 |    238 |      0 |    510 |   7 |  207.1 |
           Zot |   6588 |   5772 |    816 |      0 |   3841 |   5 | 1317.6 |
         Abyss |   3559 |   3559 |      0 |     15 |    761 |   6 |  593.2 |
   Pandemonium |  12491 |  12491 |      0 |      0 |   7614 |  18 |  693.9 |
      Ziggurat |    342 |    342 |      0 |      0 |     58 |   6 |   57.0 |
         Sewer |     98 |     98 |      0 |      0 |     55 |   1 |   98.0 |
        Bailey |    524 |    524 |      0 |      0 |    308 |   1 |  524.0 |
      Ice Cave |    581 |    581 |      0 |      0 |    261 |   1 |  581.0 |
        Wizlab |    461 |    461 |      0 |      0 |    240 |   1 |  461.0 |
      Gauntlet |    469 |    469 |      0 |      0 |    234 |   1 |  469.0 |
               +--------+--------+--------+--------+--------+-----+--------+

Top non-repeatable levels by time:
   Coc:7: 2973 daAuts
 Abyss:4: 2807 daAuts
  Lair:2: 2270 daAuts
  Lair:1: 2049 daAuts
    D:10: 1869 daAuts
   Zot:5: 1862 daAuts
Depths:1: 1755 daAuts
Depths:2: 1668 daAuts
     D:9: 1661 daAuts
Vaults:4: 1649 daAuts
 Crypt:3: 1649 daAuts
  Tomb:1: 1622 daAuts
     D:7: 1590 daAuts
    D:13: 1579 daAuts
 Crypt:2: 1536 daAuts
